 Dungeon Crawl Stone Soup version 0.31-a0-267-g3fc6992b3b (webtiles) character file.

Game seed: 10004844913687737741

505267 qw the Slayer (level 24, -7/176 HPs)
             Began as a Gargoyle Hexslinger on July 13, 2023.
             Was a High Priest of Okawaru.
             Killed from afar by an electric golem (14 damage)
             ... with a bolt of lightning
             ... on level 1 of the Realm of Zot.
             The game lasted 00:24:20 (44655 turns).

qw the Slayer (Gargoyle Hexslinger)                Turns: 44655, Time: 00:24:20

Health: -7/176     AC: 51    Str: 18    XL:     24   Next: 99%
Magic:  26/30      EV: 41    Int: 17    God:    Okawaru [*****.]
Gold:   833        SH:  2    Dex: 32    Spells: 24/25 levels left

rFire   + + +        j - +27 heavy crossbow "Sniper" {heavy, Acc+∞ SInv}
rCold   + + +        (shield currently unavailable)
rNeg    + . .        u - +4 ring mail of Aheuduwipp {rC++ Str+3 Int+2}
rPois   inf          z - +2 helmet "Buufur" {Will+}
rElec   +            t - +2 cloak {Will+}
rCorr   +            q - +2 pair of gloves {Dex+3}
SInv    +            v - +1 pair of boots of Patterns {Fly rElec Slay+5 Stlth-}
Will    +++..        l - amulet of faith
Stlth   +++          H - ring of the Octopus King {rF+ HP+2 AC+2 EV+2 SH+2}
HPRegen 0.49/turn    f - ring of Vodeq {rF+ rC+ rCorr Int+2 Dex+3}
MPRegen 0.22/turn

%: faith
@: about to teleport, resistant, heroic, finesse-ful, flying, slowed, very slow
A: sickness immunity, AC +18, big wings, negative energy resistance 1,
electricity resistance, torment resistance 1, petrification resistance, thin
skeletal structure 1, agile 1
}: 3/15 runes: serpentine, barnacled, silver
a: Renounce Religion, Heroism, Finesse, Duel


You were on level 1 of the Realm of Zot.
You worshipped Okawaru.
Okawaru was extremely pleased with you.
You visited 9 branches of the dungeon, and saw 41 of its levels.
You visited 1 bazaar.
You also visited: Gauntlet.

You collected 6701 gold pieces.
You spent 5868 gold pieces at shops.


Innate Abilities, Weirdness & Mutations

You are immune to sickness and miasma.
Your stone body is resilient. (AC +18)
You are immune to poison.
Your large and strong wings let you fly.
You resist negative energy. (rN+)
You are resistant to electric shocks. (rElec)
You are resistant to unholy torment.
You are immune to petrification.
You have a somewhat thin skeletal structure. (Dex +2, Stealth+)
You are agile. (Dex +4, Str/Int -1)


   Skills:
 + Level 24.4(27) Fighting
 - Level 22.0(27) Ranged Weapons
 - Level 21.0(26.0) Armour
 - Level 19.8(24.8) Dodging
 - Level 1.0 Spellcasting
 - Level 2.6 Hexes
 - Level 10.0 Invocations


You had 24 spell levels left.
You knew the following spells:

 Your Spells              Type           Power      Damage    Failure   Level
a - Slow                  Hex            36%        N/A       9%          1

Your spell library contained the following spells:

 Spells                   Type           Power      Damage    Failure   Level
 Inner Flame              Hex/Fire       5%         N/A       43%         3
 Portal Projectile        Hex/Tloc       10%        N/A       43%         3
 Cause Fear               Hex            4%         N/A       65%         4

Inventory:

Hand Weapons
 j - the +27 heavy crossbow "Sniper" (weapon) {heavy, Acc+∞ SInv}
   (Okawaru gifted it to you on level 2 of the Vaults)

   Acc+∞: It never misses its target.
   SInv:      It lets you see invisible.
Armour
 a - the +0 hat "Xeichoc" {*Corrode rF+ rN+ Str+7}
   (You found it in a Gauntlet)

   Str:       It affects your strength (+7).
   rF:        It protects you from fire.
   rN:        It protects you from negative energy.
   *Corrode:  It may corrode you when you take damage.
 d - the scarf of the Old World {harm, rF+ Regen+ Int+3}
   (Okawaru gifted it to you on level 3 of the Shoals)

   Int:       It affects your intelligence (+3).
   rF:        It protects you from fire.
   Regen:     It increases your rate of health regeneration.
 q - a +2 pair of gloves of dexterity (worn)
 t - a +2 cloak of willpower (worn)
 u - the +4 ring mail of Aheuduwipp (worn) {rC++ Str+3 Int+2}
   (You found it on level 5 of the Vaults)

   Str:       It affects your strength (+3).
   Int:       It affects your intelligence (+2).
   rC:        It greatly protects you from cold.
 v - the +1 pair of boots of Patterns (worn) {Fly rElec Slay+5 Stlth-}
   (Okawaru gifted it to you on level 3 of the Snake Pit)

   Slay:      It affects your accuracy & damage with ranged weapons and melee
   (+5).
   rElec:     It insulates you from electricity.
   Fly:       It grants you flight.
   Stlth:     It makes you less stealthy.
 w - the +3 salamander hide armour {Flames, rFlCloud rF++ rC--}
   (You bought it in a shop on level 3 of the Snake Pit)

   Flames:    It surrounds you with flame clouds and enhances your fire magic.
   rFlCloud:  It grants immunity to flame clouds.
   rF:        It greatly protects you from fire.
   rC:        It makes you very vulnerable to cold.
 y - a +1 leather armour of fire resistance
 z - the +2 helmet "Buufur" (worn) {Will+}
   (You bought it in a shop on level 4 of the Vaults)

   Will:      It increases your willpower.
 A - the +2 ring mail "Fid Paod" {rF- rN++ Dex+5}
   (You bought it in a shop on level 4 of the Vaults)

   Dex:       It affects your dexterity (+5).
   rF:        It makes you vulnerable to fire.
   rN:        It greatly protects you from negative energy.
 C - quicksilver dragon scales
Jewellery
 b - a +6 ring of dexterity
 f - the ring of Vodeq (right hand) {rF+ rC+ rCorr Int+2 Dex+3}
   (You bought it in a shop on level 5 of the Vaults)

   [ring of protection from fire]

   Int:       It affects your intelligence (+2).
   Dex:       It affects your dexterity (+3).
   rF:        It protects you from fire.
   rC:        It protects you from cold.
   rCorr:     It protects you from acid and corrosion.
 l - an amulet of faith (around neck)
 o - an amulet of reflection
 H - a ring of the Octopus King (left hand) {rF+ HP+2 AC+2 EV+2 SH+2}
   (You found it on level 5 of the Vaults)

   [ring of protection from fire]

   AC:        It affects your AC (+2).
   EV:        It affects your evasion (+2).
   rF:        It protects you from fire.
   HP:        It affects your health (+2).
   SH:        It affects your SH (+2).
 Y - a +6 ring of dexterity
Wands
 E - a wand of digging (22)
Scrolls
 e - 26 scrolls of identify
 r - 15 scrolls of teleportation
 x - 3 scrolls of enchant weapon
 G - a scroll of enchant armour
 I - a scroll of brand weapon
Potions
 c - 10 potions of might
 g - 13 potions of curing
 h - 9 potions of mutation
 i - 7 potions of enlightenment
 k - 4 potions of haste
 n - 3 potions of cancellation
 p - a potion of resistance
 s - 7 potions of heal wounds
 B - a potion of magic

Dungeon Overview and Level Annotations

Branches:
Dungeon (15/15)            Temple (1/1) D:5            Lair (5/5) D:9
 Shoals (4/4) Lair:3        Snake (4/4) Lair:2        Slime (0/5) Lair:5
    Orc (2/2) D:11            Elf (0/3) Orc:2        Vaults (5/5) D:14
  Crypt (0/3) Vaults:3     Depths (4/4) D:15            Zot (1/5) Depths:4
Gauntlet (visited)

Altars:
Ashenzari
Cheibriados
Dithmenos
Elyvilon
Fedhas
Gozag
Hepliaklqana
Kikubaaqudgha
Makhleb
Nemelex Xobeh
Okawaru
Qazlal
Ru
Sif Muna
Trog
Uskayaw
Vehumet
Wu Jian
Xom
Yredelemnul
Zin
The Shining One
Jiyva

Shops:
D:5 (   D:6 **=   D:7 :   Orc:2 [((=[   Shoals:4 [   Snake:3 *   Vaults:1 [
Vaults:4 *([([   Vaults:5 ==   Depths:1 (?[   Depths:2 (   Depths:4 (

Portals:
Hell: Depths:1 Depths:2 Depths:3 Depths:4
Abyss: Snake:4 Depths:1 Depths:3 Depths:4
Pandemonium: Depths:2 Depths:3 Depths:4
Ziggurat: Depths:4

Annotations:
D:4 3 runed translucent doors, qw's ghost, amateur MiHs
D:5 1 runed translucent door, Crazy Yiuf
D:6 1 runed translucent door, qw's ghost, amateur MiHs
D:10 1 runed translucent door, qw's ghost, novice GrHs
Lair:1 2 transporters
Lair:5 3 runed translucent doors, qw's ghost, journeyman GrFi
Snake:3 2 transporters
Snake:4 2 transporters, qw's ghost, adept GrFi
Depths:4 exclusion: 2 ancient liches


Message History

The orb of fire is lightly damaged.
You are engulfed in blazing flames.
You resist. The death cob misses you.
The red draconian rages.
The death cob hits you but does no damage.
The electric golem completely misses you. x4
You shoot a bolt. The bolt hits the orb of fire!!!
The orb of fire is heavily damaged.
You are engulfed in blazing flames.
You resist. The death cob completely misses you.
The electric golem completely misses you. x3
The electric golem hits you! The death cob misses you.
The electric golem misses you.
The electric golem completely misses you. x3
The death cob completely misses you.
The orb of fire emits a lurid red light.
The bolt of fire hits you. You resist.
You shoot a bolt. The bolt hits the orb of fire!!!!
You destroy the orb of fire!
Okawaru accepts your kill.
You are engulfed in blazing flames.
You resist. The death cob completely misses you.
The electric golem hits you but does no damage. x2
You block the electric golem's attack.
The electric golem hits you but does no damage.
The red draconian rages.
The red draconian scorcher gestures at you while chanting.
The bolt of magma hits you!! You partially resist. The death cob hits you!!
The death cob drains your vigour!
You feel yourself slow down.
44655 ||| READING 16 scrolls of teleportation.
As you read the scroll of teleportation, it crumbles to dust.
You feel strangely unstable.
You feel the Orb delaying your translocation!
You are engulfed in blazing flames.
You resist. The death cob misses you.
The electric golem hurls lightning at you.
The bolt of lightning misses you. x2
The bolt of lightning hits the electric golem.
The electric golem completely resists.
The death cob closely misses you.
The electric golem hurls lightning at you.
The bolt of lightning hits you! You resist.
You die...

...D... .......
....... ....
....... #.......#
#...... #.......##
#.....d###........#
#....ydz@#........#
###'##9[#.......
#.q......#
'........#
.##...\...####
####....[.....#
###.............#
#...............#
#.........)...###


You could see an electric golem, a green draconian (berserk), a red draconian
(berserk), a death cob, a red draconian scorcher (catching breath) and a moth of
wrath.

Vanquished Creatures
  A dread lich (Vaults:5)
  An ancient lich (Vaults:5)
  An orb of fire (Zot:1)
  2 juggernauts
  Mara (Depths:2)
  Josephina (Depths:2)
  Vv (Depths:2)
  Vashnia (Snake:2)
  Bai Suzhen (Vaults:5)
  Saint Roka (Depths:2)
  3 caustic shrikes
  Nikola (Shoals:3)
  Jory (Vaults:4)
  3 golden dragons
  7 tentacled monstrosities
  Jorgrun (Shoals:3)
  Mlioglotl (Shoals:1)
  3 walking crystal tomes
  5 liches
  A walking earthen tome (Depths:3)
  An ancient champion (Vaults:3)
  4 titans
  5 quicksilver dragons
  A death cob (Zot:1)
  Frances (Shoals:1)
  6 sphinxes
  Polyphemus (Shoals:3)
  6 tengu reavers
  Ilsuiw (Shoals:2)
  Donald (Shoals:1)
  A draconian monk (Zot:1)
  2 storm dragons (Vaults:5)
  Kirke (Shoals:3)
  4 shadow dragons
  Aizul (Shoals:2)
  6 nagarajas
  A fenstrider witch (shapeshifter) (Vaults:5)
  11 fire giants
  14 frost giants
  5 iron dragons
  18 vault wardens
  2 deep elf sorcerers (Vaults:5)
  A balrug (Depths:3)
  A curse skull (Vaults:3)
  A draconian annihilator (Depths:4)
  16 very ugly things
  A cacodemon (Depths:4)
  17 stone giants
  5 war gargoyles
  4 formless jellyfish
  31 ironbound preservers
  4 orc warlords
  7 ironbound thunderhulks
  3 spriggan defenders
  2 green draconians
  A black draconian (Zot:1)
  Nessos (Lair:4)
  A minotaur (Gauntlet)
  8 vampire knights
  2 yellow draconians
  2 dire elephants
  3 white draconians
  8 spark wasps
  4 crystal guardians
  8 merfolk impalers
  9 merfolk javelineers
  7 ettins
  4 fire dragons
  2 deep elf death magi (Vaults:5)
  2 entropy weavers
  Harold (Orc:1)
  12 yaktaur captains
  32 vault guards
  6 great orbs of eyes
  7 peacekeepers
  9 ice dragons
  14 rakshasas
  10 merfolk aquamancers
  15 centaur warriors
  5 spriggan air magi
  6 merfolk avatars
  2 satyrs (Shoals:4)
  16 anacondas
  3 salamander tyrants
  A hell beast (Gauntlet)
  Erica (D:8)
  9 ironbound frosthearts
  A hydra (Lair:5)
  A juggernaut simulacrum (Depths:2)
  3 catoblepae
  2 ogre magi
  2 death knights
  2 boulder beetles
  A boulder beetle (shapeshifter) (D:14)
  5 two-headed ogres
  10 death yaks
  27 naga sharpshooters
  8 tengu warriors
  8 deep troll earth magi
  15 naga warriors
  6 deep troll shamans
  An alligator (shapeshifter) (Vaults:5)
  3 orc high priests (Orc:2)
  A soul eater (Depths:2)
  7 spriggan berserkers
  9 hell knights
  10 shock serpents
  3 sun demons
  3 skeletal warriors
  3 iron trolls
  3 skysharks
  13 sea snakes
  6 salamander mystics
  A sixfirhy (Depths:4)
  3 flayed ghosts
  71 deep trolls
  A death drake (shapeshifter) (Vaults:5)
  2 glowing orange brains
  8 naga ritualists
  11 wizards
  2 necromancers (Vaults:2)
  12 lindwurms
  A spriggan simulacrum (Depths:2)
  16 harpies
  23 ironbound convokers
  12 orc knights
  5 deep elf pyromancers
  6 phantasmal warriors
  7 fauns
  7 cyclopes
  9 orc sorcerers
  14 ugly things
  An oklob plant (Lair:4)
  6 elephants (Lair:5)
  7 mana vipers
  A faun (shapeshifter) (Vaults:5)
  14 manticores
  A manticore (shapeshifter) (Vaults:5)
  20 salamanders
  2 moths of wrath (shapeshifter)
  8 merfolk sirens
  44 black mambas
  4 guardian serpents
  A molten gargoyle (Gauntlet)
  17 vault sentinels
  3 water nymphs
  20 naga magi
  11 cane toads
  3 centaur skeletons (D:14)
  A smoke demon (Depths:2)
  A guardian serpent (shapeshifter) (Depths:3)
  2 gargoyles
  3 orange demons
  A rime drake (Lair:3)
  2 unseen horrors
  42 yaktaurs
  2 freezing wraiths
  An efreet (D:15)
  An ice devil (Depths:4)
  4 tengu conjurers
  10 komodo dragons
  30 merfolk
  8 trolls
  A spark wasp simulacrum (Depths:2)
  5 polar bears (Lair:5)
  A queen bee (shapeshifter) (D:15)
  11 hornets
  2 hellwings
  7 wind drakes
  5 meliai
  A raiju (shapeshifter) (Vaults:5)
  Prince Ribbit (D:8)
  7 dream sheep
  An iron dragon simulacrum (Depths:2)
  26 blink frogs
  10 snapping turtles
  A jumping spider (Vaults:5)
  17 slime creatures
  Sigmund (D:4)
  A centaur simulacrum (D:15)
  A flying skull (Vaults:3)
  A vampire (D:10)
  A culicivora (Vaults:3)
  19 spriggans
  A wraith (D:13)
  3 wyverns
  A human (Shoals:3)
  7 water elementals
  Grum (D:8)
  36 yaks
  2 basilisks
  5 hogs (Shoals:3)
  2 wargs
  5 redbacks
  A chaos spawn (Depths:3)
  5 steam dragons
  3 vampire mosquitoes (D:13)
  60 nagas
  A swamp worm (shapeshifter) (Vaults:2)
  4 acid dragons
  16 water moccasins
  A floating eye (Depths:2)
  2 hell hounds (Gauntlet)
  6 black bears
  33 orc warriors
  A sky beast (D:3)
  3 ice beasts
  11 ogres
  35 wolves
  14 boggarts
  4 phantoms
  10 centaurs
  Blork the orc (D:4)
  3 kobold brigands
  12 bullfrogs
  A glowing shapeshifter simulacrum (Depths:2)
  A gnoll sergeant (D:11)
  6 wights
  6 killer bees
  4 howler monkeys
  2 gnoll boudas
  5 jellies
  27 orc priests
  8 hounds
  8 hell rats
  3 iguanas
  40 orc wizards
  A sleepcap (D:6)
  Ijyb (D:5)
  A boggart skeleton (D:14)
  19 gnolls
  8 adders
  6 river rats
  2 shadow imps
  2 white imps (D:7)
  An ufetubus (D:4)
  3 worms
  4 dart slugs
  114 orcs
  4 ball pythons
  3 endoplasms
  5 giant cockroaches
  7 hobgoblins
  3 jackals (D:1)
  7 kobolds
  9 quokkas
  7 bats
  6 frilled lizards
  5 goblins
  10 rats
1817 creatures vanquished.

Vanquished Creatures (others)
  A salamander (Snake:4)
1 creature vanquished.

Grand Total: 1818 creatures vanquished

Notes
Turn   | Place    | Note
-------+----------+-------------------------------------------
     0 | D:1      | qw the Gargoyle Hexslinger began the quest for the Orb.
     0 | D:1      | Reached XP level 1. HP: 12/12 MP: 2/2
     0 | D:1      | 0 ||| qw: Version: 0.3-a-52-g30416fa
     0 | D:1      | 0 ||| qw: Game counter: 7768
     0 | D:1      | 0 ||| qw: Melee chars always use a shield: true
     0 | D:1      | 0 ||| qw: God list: Okawaru
     0 | D:1      | 0 ||| qw: Allow faded altars: false
     0 | D:1      | 0 ||| qw: Do Orc after clearing Dungeon:15 true
     0 | D:1      | 0 ||| qw: Do second Lair branch before Depths: true
     0 | D:1      | 0 ||| qw: Lair rune preference: random
     0 | D:1      | 0 ||| qw: Goals: Normal
     0 | D:1      | 0 ||| PLANNING D:1-11
   228 | D:1      | Reached XP level 2. HP: 16/16 MP: 3/3
   342 | D:1      | Reached skill level 3 in Ranged Weapons
   631 | D:1      | Reached skill level 2 in Fighting
   631 | D:1      | Reached XP level 3. HP: 21/21 MP: 4/4
   936 | D:1      | 936 ||| UPGRADING to +0 ring mail.
   946 | D:1      | 946 ||| DROPPING +0 robe.
   947 | D:1      | 947 ||| UPGRADING to ring of positive energy.
   948 | D:1      | 948 ||| DROPPING ring of flight.
   949 | D:1      | 949 ||| READING scroll labelled BOSCHEM DIUMMA.
   950 | D:1      | 950 ||| READING scroll labelled EKLOASCHOAJ.
   951 | D:1      | 951 ||| READING scroll labelled DUM OFEATWU.
   952 | D:1      | 952 ||| READING scroll labelled MEYS ZITIARACW.
  1053 | D:1      | 1053 ||| DROPPING scroll of poison.
  1081 | D:2      | Identified the +8 sling "Ymobb" {heavy, *Corrode +Blink
                  | rN+}
  1083 | D:2      | 1083 ||| SWAPPING to +8 sling "Ymobb" {heavy, *Corrode
                  | +Blink rN+}.
  1084 | D:2      | 1084 ||| DROPPING +2 sling.
  1330 | D:2      | Reached XP level 4. HP: 26/26 MP: 5/5
  1835 | D:2      | Found a glowing silver altar of Zin.
  1893 | D:2      | 1893 ||| UPGRADING to +0 ring mail of fire resistance.
  1903 | D:2      | 1903 ||| DROPPING +0 ring mail.
  1904 | D:2      | 1904 ||| DRINKING 2 fizzy puce potions.
  1905 | D:2      | 1905 ||| DRINKING 2 sapphire potions.
  1906 | D:2      | 1906 ||| DRINKING 2 glowing blue potions.
  1906 | D:2      | Gained mutation: You have a somewhat thin skeletal
                  | structure. (Dex +2, Stealth+) [potion of mutation]
  1906 | D:2      | Gained mutation: You are agile. (Dex +4, Str/Int -1)
                  | [potion of mutation]
  1918 | D:3      | Reached skill level 1 in Armour
  2144 | D:3      | Found a bloodstained altar of Trog.
  2144 | D:3      | Found a shimmering blue altar of Sif Muna.
  2152 | D:3      | Found a hide-covered altar of Uskayaw.
  2154 | D:3      | Found a faded altar of an unknown god.
  2156 | D:3      | Found a faded altar of an unknown god.
  2314 | D:3      | Noticed a sky beast
  2316 | D:3      | Killed a sky beast
  2317 | D:3      | Reached XP level 5. HP: 30/30 MP: 6/6
  2422 | D:3      | Found a shadowy altar of Dithmenos.
  2804 | D:4      | 2804 ||| Stepping ~*~*~tactically~*~*~ (outnumbered).
  2808 | D:4      | Reached skill level 3 in Fighting
  2808 | D:4      | Reached XP level 6. HP: 31/37 MP: 7/7
  2809 | D:4      | 2809 ||| DRINKING potion of curing.
  2809 | D:4      | 2809 ||| (to cure confusion)
  2849 | D:4      | Found a sparkling altar of Nemelex Xobeh.
  2850 | D:4      | Found a glowing silver altar of Zin.
  2852 | D:4      | Found a broken altar of Ashenzari.
  2883 | D:4      | Reached skill level 6 in Ranged Weapons
  2947 | D:4      | Found a snail-covered altar of Cheibriados.
  3046 | D:4      | Noticed Blork the orc
  3054 | D:4      | Killed Blork the orc
  3055 | D:4      | Reached skill level 4 in Fighting
  3055 | D:4      | Reached XP level 7. HP: 17/43 MP: 8/8
  3175 | D:4      | Noticed Sigmund
  3178 | D:4      | Killed Sigmund
  3231 | D:4      | Found a runed translucent gate.
  3272 | D:4      | Found an opulent altar of Gozag.
  3273 | D:4      | Found a runed translucent gate.
  3274 | D:4      | Found a runed translucent gate.
  3275 | D:4      | Noticed qw's ghost (amateur MiHs)
  3451 | D:4      | You fall into a shaft and drop 3 floors!
  3464 | D:7      | 3464 ||| READING scroll labelled HEASCH JOGUXKO.
  3469 | D:7      | 3469 ||| READING 2 scrolls of identify.
  3469 | D:7      | 3469 ||| IDENTIFYING fizzy inky potion
  3470 | D:7      | 3470 ||| DROPPING potion of berserk rage.
  3471 | D:7      | 3471 ||| Stepping randomly (stuck).
  3472 | D:7      | 3472 ||| Stepping randomly (stuck).
  3473 | D:7      | 3473 ||| Stepping randomly (stuck).
  3474 | D:7      | 3474 ||| Stepping randomly (stuck).
  3475 | D:7      | 3475 ||| Stepping randomly (stuck).
  3536 | D:6      | Found Ytezapreur's Jewellery Shoppe.
  3544 | D:6      | 3544 ||| SHOPLISTING +4 ring of protection (432 gold, have
                  | 161).
  3544 | D:6      | 3544 ||| SHOPLISTING +6 ring of dexterity (432 gold, have
                  | 161).
  3544 | D:6      | 3544 ||| SHOPLISTING amulet of faith (480 gold, have 161).
  3544 | D:6      | 3544 ||| SHOPLISTING ring of protection from cold (300
                  | gold, have 161).
  3544 | D:6      | 3544 ||| SHOPLISTING ring of resist corrosion (240 gold,
                  | have 161).
  3583 | D:6      | Found an ancient bone altar of Kikubaaqudgha.
  3625 | D:6      | Reached XP level 8. HP: 22/48 MP: 9/9
  3785 | D:6      | 3785 ||| READING scroll labelled BOCUTAR WOEMP.
  3786 | D:6      | 3786 ||| READING scroll labelled TOTAR ZUSSAO.
  3792 | D:5      | Entered Level 5 of the Dungeon
  3795 | D:5      | Found a staircase to the Ecumenical Temple.
  3796 | D:5      | 3796 ||| PLANNING TEMPLE
  3804 | Temple   | Entered the Ecumenical Temple
  3818 | Temple   | 3818 ||| PLANNING OKAWARU WORSHIP
  3855 | Temple   | Became a worshipper of Warmaster Okawaru
  3856 | Temple   | 3856 ||| PLANNING D:1-11
  3927 | D:5      | Reached skill level 5 in Fighting
  4013 | D:5      | 4013 ||| Stepping ~*~*~tactically~*~*~ (outnumbered).
  4165 | D:5      | Found a runed translucent door.
  4166 | D:5      | Noticed Crazy Yiuf
  4309 | D:5      | Reached skill level 9 in Ranged Weapons
  4338 | D:5      | Reached * piety under Okawaru
  4529 | D:5      | 4529 ||| UPGRADING to +1 pair of gloves.
  4534 | D:5      | 4534 ||| READING scroll of enchant armour.
  4534 | D:5      | 4534 ||| ENCHANTING +1 pair of gloves.
  4535 | D:5      | 4535 ||| DROPPING +6 ring of intelligence.
  4536 | D:5      | 4536 ||| READING scroll labelled JOGINGEILAZU.
  4537 | D:5      | 4537 ||| DRINKING 2 cyan potions.
  4538 | D:5      | 4538 ||| DRINKING potion of curing.
  4538 | D:5      | 4538 ||| (to cure confusion)
  4539 | D:5      | 4539 ||| DROPPING potion of ambrosia.
  4921 | D:5      | Noticed Ijyb
  4922 | D:5      | 4922 ||| INVOKING Heroism.
  4924 | D:5      | Killed Ijyb
  5139 | D:5      | Found Teurghuegh's Firing Range.
  5144 | D:5      | 5144 ||| BUYING +0 arbalest (63 gold).
  5144 | D:5      | Bought a +0 arbalest for 63 gold pieces
  5144 | D:5      | 5144 ||| SHOPLISTING +1 hand crossbow of flaming (186 gold,
                  | have 155).
  5144 | D:5      | 5144 ||| SHOPLISTING +2 hand crossbow of flaming (256 gold,
                  | have 155).
  5144 | D:5      | 5144 ||| SWAPPING to +0 arbalest.
  5145 | D:5      | 5145 ||| DROPPING +8 sling "Ymobb" {heavy, *Corrode +Blink
                  | rN+}.
  5264 | D:6      | Found Kocoeg's General Store.
  5274 | D:6      | Reached skill level 6 in Fighting
  5328 | D:6      | Found Veywk's General Store.
  5331 | D:6      | 5331 ||| SHOPLISTING amulet of reflection (300 gold, have
                  | 166).
  5331 | D:6      | 5331 ||| BUYING scroll of teleportation (30 gold).
  5331 | D:6      | Bought a scroll of teleportation for 30 gold pieces
  5334 | D:6      | 5334 ||| BUYING scroll of identify (28 gold).
  5334 | D:6      | Bought a scroll of identify for 28 gold pieces
  5388 | D:6      | Found a runed translucent door.
  5416 | D:6      | Noticed qw's ghost (amateur MiHs)
  5458 | D:6      | 5458 ||| INVOKING Heroism.
  5461 | D:6      | Reached skill level 1 in Invocations
  5466 | D:6      | 5466 ||| FLEEEEING.
  5472 | D:6      | 5472 ||| FLEEEEING.
  5473 | D:6      | 5473 ||| FLEEEEING.
  5481 | D:6      | Reached XP level 9. HP: 52/55 MP: 10/10
  5641 | D:6      | 5641 ||| INVOKING Heroism.
  5669 | D:6      | 5669 ||| FLEEEEING.
  5670 | D:6      | 5670 ||| FLEEEEING.
  5671 | D:6      | 5671 ||| FLEEEEING.
  5672 | D:6      | 5672 ||| FLEEEEING.
  5673 | D:6      | 5673 ||| FLEEEEING.
  5674 | D:6      | 5674 ||| FLEEEEING.
  5676 | D:6      | 5676 ||| FLEEEEING.
  5677 | D:6      | 5677 ||| FLEEEEING.
  5678 | D:6      | 5678 ||| FLEEEEING.
  5680 | D:6      | 5680 ||| FLEEEEING.
  5681 | D:6      | 5681 ||| FLEEEEING.
  5682 | D:6      | 5682 ||| FLEEEEING.
  5683 | D:6      | 5683 ||| FLEEEEING.
  5684 | D:6      | 5684 ||| FLEEEEING.
  5685 | D:6      | 5685 ||| FLEEEEING.
  5687 | D:6      | 5687 ||| FLEEEEING.
  5913 | D:6      | Found a glowing golden altar of the Shining One.
  5916 | D:6      | Found a blossoming altar of Fedhas.
  6037 | D:6      | 6037 ||| UPGRADING to +1 helmet.
  6042 | D:6      | 6042 ||| DRINKING 2 silvery potions.
  6043 | D:6      | 6043 ||| READING 4 scrolls of identify.
  6043 | D:6      | 6043 ||| IDENTIFYING smoky red potion
  6044 | D:6      | 6044 ||| READING 3 scrolls of identify.
  6044 | D:6      | 6044 ||| IDENTIFYING fuming emerald potion
  6045 | D:6      | 6045 ||| READING 2 scrolls of identify.
  6045 | D:6      | 6045 ||| IDENTIFYING fuming ruby potion
  6046 | D:6      | 6046 ||| DROPPING potion of attraction.
  6047 | D:6      | 6047 ||| DROPPING potion of brilliance.
  6048 | D:6      | 6048 ||| DROPPING potion of lignification.
  6254 | D:7      | 6254 ||| INVOKING Heroism.
  6471 | D:7      | HP: 11/55 [orc warrior/+0 scimitar (11)]
  6471 | D:7      | HP: 4/55 [orc warrior/+0 scimitar (7)]
  6472 | D:7      | 6472 ||| READING scroll of teleportation.
  6473 | D:7      | 6473 ||| DRINKING potion of heal wounds.
  6641 | D:7      | Found Zookiem's Tiny Tomes.
  6736 | D:7      | 6736 ||| SWAPPING to +3 arbalest.
  6737 | D:7      | 6737 ||| DROPPING +0 arbalest.
  6758 | D:7      | 6758 ||| INVOKING Heroism.
  6991 | D:7      | 6991 ||| Stepping ~*~*~tactically~*~*~ (outnumbered).
  6993 | D:7      | 6993 ||| Stepping ~*~*~tactically~*~*~ (outnumbered).
  7037 | D:7      | 7037 ||| INVOKING Heroism.
  7041 | D:7      | Reached skill level 3 in Dodging
  7066 | D:7      | 7066 ||| INVOKING Heroism.
  7069 | D:7      | Reached skill level 3 in Armour
  7080 | D:7      | Reached skill level 7 in Fighting
  7081 | D:7      | Reached skill level 3 in Invocations
  7278 | D:7      | 7278 ||| UPGRADING to amulet of the acrobat.
  7283 | D:7      | 7283 ||| UPGRADING to +6 ring of dexterity.
  7284 | D:7      | 7284 ||| UPGRADING to ring of see invisible.
  7286 | D:7      | 7286 ||| READING 3 scrolls of identify.
  7286 | D:7      | 7286 ||| IDENTIFYING green potion
  7287 | D:7      | 7287 ||| DROPPING potion of degeneration.
  7348 | D:8      | 7348 ||| INVOKING Heroism.
  7451 | D:8      | Noticed Prince Ribbit
  7455 | D:8      | Killed Prince Ribbit
  7470 | D:8      | 7470 ||| INVOKING Heroism.
  7511 | D:8      | Noticed Grum
  7513 | D:8      | Reached XP level 10. HP: 63/63 MP: 12/12
  7513 | D:8      | 7513 ||| INVOKING Heroism.
  7516 | D:8      | Killed Grum
  7576 | D:8      | 7576 ||| READING scroll of enchant armour.
  7576 | D:8      | 7576 ||| ENCHANTING +1 helmet.
  7643 | D:8      | Noticed Erica
  7644 | D:8      | 7644 ||| INVOKING Heroism.
  7649 | D:8      | 7649 ||| Stepping ~*~*~tactically~*~*~ (outnumbered).
  7651 | D:8      | Killed Erica
  7896 | D:8      | 7896 ||| DRINKING 2 viscous grey potions.
  7897 | D:8      | 7897 ||| READING 3 scrolls of identify.
  7897 | D:8      | 7897 ||| IDENTIFYING fizzy red potion
  8070 | D:9      | Reached skill level 8 in Fighting
  8115 | D:9      | Noticed a death yak
  8116 | D:9      | Noticed a death yak
  8116 | D:9      | Noticed a two-headed ogre
  8117 | D:9      | 8117 ||| INVOKING Heroism.
  8119 | D:9      | Noticed a death yak
  8120 | D:9      | Killed a two-headed ogre
  8120 | D:9      | Reached ** piety under Okawaru
  8126 | D:9      | HP: 15/64 [death yak (11)]
  8127 | D:9      | 8127 ||| READING scroll of teleportation.
  8129 | D:9      | Killed a death yak
  8130 | D:9      | Reached skill level 12 in Ranged Weapons
  8149 | D:9      | 8149 ||| INVOKING Heroism.
  8190 | D:9      | 8190 ||| INVOKING Heroism.
  8236 | D:9      | 8236 ||| INVOKING Heroism.
  8250 | D:9      | Killed a death yak
  8252 | D:9      | 8252 ||| INVOKING Heroism.
  8256 | D:9      | Killed a death yak
  8257 | D:9      | Reached XP level 11. HP: 49/68 MP: 11/14
  8368 | D:9      | Found a staircase to the Lair.
  8509 | D:9      | 8509 ||| INVOKING Heroism.
  8868 | D:9      | 8868 ||| Stepping ~*~*~tactically~*~*~ (outnumbered).
  8873 | D:9      | 8873 ||| INVOKING Heroism.
  8903 | D:9      | 8903 ||| INVOKING Heroism.
  9007 | D:9      | 9007 ||| PLANNING LAIR
  9007 | D:9      | 9007 ||| UPGRADING to +0 pair of boots.
  9012 | D:9      | 9012 ||| UPGRADING to +6 ring of dexterity.
  9014 | D:9      | 9014 ||| DROPPING ring of positive energy.
  9015 | D:9      | 9015 ||| DROPPING ring of see invisible.
  9051 | Lair:1   | Entered Level 1 of the Lair of Beasts
  9068 | Lair:1   | 9068 ||| INVOKING Heroism.
  9141 | Lair:1   | Found a transporter.
  9147 | Lair:1   | 9147 ||| INVOKING Heroism.
  9216 | Lair:1   | 9216 ||| INVOKING Heroism.
  9311 | Lair:1   | 9311 ||| INVOKING Heroism.
  9322 | Lair:1   | Reached skill level 9 in Fighting
  9580 | Lair:1   | Found a transporter.
  9580 | Lair:1   | Noticed a fire crab
  9827 | Lair:2   | 9827 ||| PLANNING GAUNTLET
  9859 | Lair:2   | Reached *** piety under Okawaru
  9877 | Lair:2   | 9877 ||| FLEEEEING.
  9878 | Lair:2   | 9878 ||| FLEEEEING.
  9879 | Lair:2   | 9879 ||| FLEEEEING.
  9882 | Lair:2   | 9882 ||| FLEEEEING.
  9883 | Lair:2   | 9883 ||| FLEEEEING.
  9886 | Lair:2   | 9886 ||| STAIRDANCE
  9913 | Lair:1   | 9913 ||| READING scroll labelled XEOZAM PUILO.
  9950 | Lair:2   | 9950 ||| INVOKING Heroism.
  9952 | Lair:2   | Reached skill level 6 in Dodging
 10188 | Lair:2   | Found a gate leading to a gauntlet.
 10193 | Lair:2   | 10193 ||| INVOKING Heroism.
 10210 | Gauntlet | Entered a Gauntlet
 10210 | Gauntlet | Found a transporter.
 10210 | Gauntlet | Found a transporter.
 10214 | Gauntlet | Found a transporter.
 10214 | Gauntlet | Found a transporter.
 10219 | Gauntlet | Noticed a catoblepas
 10224 | Gauntlet | Found a transporter.
 10225 | Gauntlet | Noticed a catoblepas
 10230 | Gauntlet | Noticed a reaper
 10232 | Gauntlet | Found a transporter.
 10234 | Gauntlet | Found a transporter.
 10234 | Gauntlet | Found a transporter.
 10238 | Gauntlet | Found a transporter.
 10240 | Gauntlet | Found a large runed translucent door.
 10241 | Gauntlet | Found a large runed translucent door.
 10243 | Gauntlet | Noticed a hell beast
 10282 | Gauntlet | Found a transporter.
 10304 | Gauntlet | Found a transporter.
 10308 | Gauntlet | Noticed a tengu warrior
 10322 | Gauntlet | Found a transporter.
 10360 | Gauntlet | Found a transporter.
 10376 | Gauntlet | Found a transporter.
 10480 | Gauntlet | Found a transporter.
 10482 | Gauntlet | Found a large runed translucent door.
 10482 | Gauntlet | Found a large runed translucent door.
 10483 | Gauntlet | Found a large runed translucent door.
 10483 | Gauntlet | Found a large runed translucent door.
 10484 | Gauntlet | Found a large runed translucent door.
 10484 | Gauntlet | Found a runed translucent door.
 10484 | Gauntlet | Found a large runed translucent door.
 10484 | Gauntlet | Found a runed translucent door.
 10484 | Gauntlet | Found a large runed translucent door.
 10484 | Gauntlet | Found a large runed translucent door.
 10487 | Gauntlet | Found a large runed translucent door.
 10487 | Gauntlet | Found a large runed translucent door.
 10488 | Gauntlet | Found a large runed translucent door.
 10488 | Gauntlet | Found a large runed translucent door.
 10490 | Gauntlet | Found a large runed translucent door.
 10490 | Gauntlet | Found a large runed translucent door.
 10492 | Gauntlet | Found a runed translucent gate.
 10492 | Gauntlet | Found a runed translucent gate.
 10492 | Gauntlet | Found a runed translucent gate.
 10494 | Gauntlet | Found a transporter.
 10584 | Gauntlet | Killed a tengu warrior
 10680 | Gauntlet | 10680 ||| INVOKING Heroism.
 10689 | Gauntlet | Killed a catoblepas
 10692 | Gauntlet | Reached **** piety under Okawaru
 10693 | Gauntlet | Reached XP level 12. HP: 40/76 MP: 13/15
 10828 | Gauntlet | Identified the +0 hat "Xeichoc" {*Corrode rF+ rN+ Str+7}
 10859 | Gauntlet | 10859 ||| INVOKING Heroism.
 10860 | Gauntlet | Killed a hell beast
 10862 | Gauntlet | Reached skill level 10 in Fighting
 10937 | Gauntlet | 10937 ||| UPGRADING to +1 pair of gloves of dexterity.
 10947 | Gauntlet | 10947 ||| DROPPING +2 pair of gloves.
 11002 | Gauntlet | Noticed a minotaur
 11003 | Gauntlet | 11003 ||| INVOKING Heroism.
 11014 | Gauntlet | Killed a minotaur
 11111 | Gauntlet | Identified the +3 whip "Gaserin" {freeze, *Corrode rElec
                  | rN+ Str+2}
 11175 | Gauntlet | 11175 ||| READING scroll labelled FUENYA OKHOD.
 11218 | Lair:2   | 11218 ||| PLANNING LAIR
 11264 | Lair:2   | 11264 ||| INVOKING Heroism.
 11281 | Lair:2   | HP: 14/77 [komodo dragon (9)]
 11282 | Lair:2   | 11282 ||| READING 2 scrolls of teleportation.
 11283 | Lair:2   | 11283 ||| DRINKING potion of heal wounds.
 11566 | Lair:2   | Reached skill level 6 in Invocations
 11646 | Lair:2   | 11646 ||| FLEEEEING.
 11647 | Lair:2   | 11647 ||| FLEEEEING.
 11648 | Lair:2   | 11648 ||| FLEEEEING.
 11662 | Lair:2   | 11662 ||| FLEEEEING.
 11663 | Lair:2   | 11663 ||| FLEEEEING.
 11664 | Lair:2   | 11664 ||| FLEEEEING.
 11665 | Lair:2   | 11665 ||| FLEEEEING.
 11666 | Lair:2   | 11666 ||| FLEEEEING.
 11667 | Lair:2   | 11667 ||| FLEEEEING.
 11669 | Lair:2   | 11669 ||| FLEEEEING.
 11670 | Lair:2   | 11670 ||| FLEEEEING.
 11671 | Lair:2   | 11671 ||| INVOKING Heroism.
 11693 | Lair:2   | Identified the +2 mace of Fate {spect, rC++ MP-9 Dex+4
                  | SInv}
 11696 | Lair:2   | Found a staircase to the Snake Pit.
 12029 | Lair:2   | 12029 ||| UPGRADING to amulet of reflection.
 12039 | Lair:2   | 12039 ||| DROPPING amulet of the acrobat.
 12057 | Lair:3   | 12057 ||| INVOKING Heroism.
 12064 | Lair:3   | Received a gift from Okawaru
 12130 | Lair:3   | 12130 ||| INVOKING Heroism.
 12146 | Lair:3   | Received a gift from Okawaru
 12148 | Lair:3   | Reached ***** piety under Okawaru
 12230 | Lair:3   | Found a shimmering blue altar of Sif Muna.
 12232 | Lair:3   | 12232 ||| INVOKING Heroism.
 12261 | Lair:3   | 12261 ||| INVOKING Heroism.
 12279 | Lair:3   | HP: 12/77 [blink frog (13)]
 12280 | Lair:3   | 12280 ||| READING scroll of teleportation.
 12487 | Lair:3   | 12487 ||| INVOKING Heroism.
 12492 | Lair:3   | Reached skill level 15 in Ranged Weapons
 12507 | Lair:3   | Reached XP level 13. HP: 53/82 MP: 19/19
 12581 | Lair:3   | 12581 ||| INVOKING Heroism.
 12609 | Lair:3   | Received a gift from Okawaru
 12660 | Lair:3   | 12660 ||| INVOKING Heroism.
 12687 | Lair:3   | Found a staircase to the Shoals.
 12745 | Lair:3   | 12745 ||| INVOKING Heroism.
 12771 | Lair:3   | 12771 ||| INVOKING Heroism.
 12777 | Lair:3   | Reached skill level 6 in Armour
 12844 | Lair:3   | Reached skill level 9 in Invocations
 12972 | Lair:3   | 12972 ||| INVOKING Heroism.
 13104 | Lair:3   | 13104 ||| INVOKING Heroism.
 13252 | Lair:3   | 13252 ||| INVOKING Heroism.
 13310 | Lair:3   | 13310 ||| INVOKING Heroism.
 13520 | Lair:4   | Identified the +2 robe of the Griffon {Will+ Regen+ Str+2
                  | Dex-5}
 13639 | Lair:4   | 13639 ||| INVOKING Heroism.
 13721 | Lair:4   | Noticed Nessos
 13734 | Lair:4   | 13734 ||| INVOKING Heroism.
 13740 | Lair:4   | HP: 19/82 [Nessos/arrow (11)]
 13741 | Lair:4   | 13741 ||| READING scroll of teleportation.
 13742 | Lair:4   | Killed Nessos
 14059 | Lair:4   | 14059 ||| SWAPPING to +3 longbow of flaming.
 14060 | Lair:4   | 14060 ||| DROPPING +3 arbalest.
 14240 | Lair:4   | 14240 ||| INVOKING Heroism.
 14241 | Lair:4   | 14241 ||| INVOKING Finesse.
 14332 | Lair:4   | 14332 ||| READING scroll of enchant armour.
 14332 | Lair:4   | 14332 ||| ENCHANTING +1 pair of gloves of dexterity.
 14568 | Lair:4   | 14568 ||| DROPPING +2 robe of the Griffon {Will+ Regen+
                  | Str+2 Dex-5}.
 14569 | Lair:4   | 14569 ||| READING scroll labelled WATATW JOERI.
 14609 | Lair:5   | Entered Level 5 of the Lair of Beasts
 14611 | Lair:5   | Found a viscous altar of Jiyva.
 14652 | Lair:5   | 14652 ||| INVOKING Heroism.
 14665 | Lair:5   | 14665 ||| INVOKING Finesse.
 14860 | Lair:5   | 14860 ||| INVOKING Heroism.
 14943 | Lair:5   | Identified the +9 shadow dragon scales of Chill Winds
                  | {*Slow Str+4 Stlth++++} (Okawaru gifted it to you on level
                  | 5 of the Lair of Beasts)
 14943 | Lair:5   | Received a gift from Okawaru
 14969 | Lair:5   | 14969 ||| INVOKING Heroism.
 15020 | Lair:5   | 15020 ||| INVOKING Heroism.
 15034 | Lair:5   | Reached skill level 11 in Fighting
 15061 | Lair:5   | 15061 ||| INVOKING Heroism.
 15098 | Lair:5   | 15098 ||| INVOKING Heroism.
 15113 | Lair:5   | Gained mutation: Your large and strong wings let you fly.
                  | [Gargoyle growth]
 15113 | Lair:5   | Reached XP level 14. HP: 74/90 MP: 21/21
 15185 | Lair:5   | 15185 ||| INVOKING Heroism.
 15247 | Lair:5   | 15247 ||| INVOKING Heroism.
 15329 | Lair:5   | 15329 ||| INVOKING Heroism.
 15382 | Lair:5   | Found a runed translucent gate.
 15384 | Lair:5   | Found a runed translucent gate.
 15385 | Lair:5   | Found a runed translucent gate.
 15385 | Lair:5   | Noticed qw's ghost (journeyman GrFi)
 15393 | Lair:5   | 15393 ||| INVOKING Heroism.
 15408 | Lair:5   | 15408 ||| INVOKING Heroism.
 15524 | Lair:5   | Found a staircase to the Slime Pits.
 15557 | Lair:5   | Reached skill level 9 in Dodging
 15569 | Lair:5   | 15569 ||| INVOKING Heroism.
 15798 | Lair:5   | 15798 ||| PLANNING D:1-11
 15798 | Lair:5   | 15798 ||| READING scroll labelled LOUMO ODISM.
 15799 | Lair:5   | 15799 ||| READING scroll labelled YBRYRCH UNISA.
 15918 | D:10     | Entered Level 10 of the Dungeon
 16071 | D:10     | Found a runed translucent door.
 16081 | D:10     | Found a shimmering altar of Xom.
 16081 | D:10     | Noticed qw's ghost (novice GrHs)
 16093 | D:10     | Identified the +2 mace "Alulaido" {antimagic, rPois rC+
                  | Str+4}
 16094 | D:10     | Found a radiant altar of Vehumet.
 16180 | D:10     | 16180 ||| Stepping ~*~*~tactically~*~*~ (outnumbered).
 16182 | D:10     | 16182 ||| Stepping ~*~*~tactically~*~*~ (outnumbered).
 16184 | D:10     | 16184 ||| Stepping ~*~*~tactically~*~*~ (outnumbered).
 16395 | D:10     | 16395 ||| UPGRADING to +2 pair of boots of stealth.
 16405 | D:10     | 16405 ||| DROPPING +0 pair of boots.
 16456 | D:11     | 16456 ||| Stepping randomly (disturbance).
 16513 | D:11     | 16513 ||| Stepping ~*~*~tactically~*~*~ (outnumbered).
 16537 | D:11     | Found a staircase to the Orcish Mines.
 16542 | D:11     | 16542 ||| Stepping ~*~*~tactically~*~*~ (outnumbered).
 16546 | D:11     | 16546 ||| DRINKING 2 potions of curing.
 16546 | D:11     | 16546 ||| (to cure confusion)
 16895 | D:11     | Found a viscous altar of Jiyva.
 16974 | D:11     | 16974 ||| PLANNING D
 17038 | D:12     | 17038 ||| INVOKING Heroism.
 17347 | D:12     | 17347 ||| Stepping randomly (disturbance).
 17349 | D:12     | 17349 ||| Stepping randomly (disturbance).
 17463 | D:12     | Reached skill level 18 in Ranged Weapons
 17984 | D:13     | Found a glowing golden altar of the Shining One.
 18167 | D:13     | 18167 ||| INVOKING Heroism.
 18179 | D:13     | Reached skill level 12 in Fighting
 18471 | D:14     | 18471 ||| Stepping ~*~*~tactically~*~*~ (outnumbered).
 18472 | D:14     | 18472 ||| Stepping ~*~*~tactically~*~*~ (outnumbered).
 18473 | D:14     | 18473 ||| Stepping ~*~*~tactically~*~*~ (outnumbered).
 18480 | D:14     | 18480 ||| FLEEEEING.
 18481 | D:14     | 18481 ||| FLEEEEING.
 18482 | D:14     | 18482 ||| FLEEEEING.
 18483 | D:14     | 18483 ||| FLEEEEING.
 18484 | D:14     | 18484 ||| FLEEEEING.
 18485 | D:14     | 18485 ||| FLEEEEING.
 18517 | D:14     | 18517 ||| Stepping ~*~*~tactically~*~*~ (outnumbered).
 18519 | D:14     | 18519 ||| Stepping ~*~*~tactically~*~*~ (outnumbered).
 18521 | D:14     | 18521 ||| Stepping ~*~*~tactically~*~*~ (outnumbered).
 18523 | D:14     | 18523 ||| Stepping ~*~*~tactically~*~*~ (outnumbered).
 18525 | D:14     | 18525 ||| Stepping ~*~*~tactically~*~*~ (outnumbered).
 18533 | D:14     | Identified the +6 ice dragon scales of Qoterar {rF- rC++
                  | rN+ Str-2 Dex+4 Slay+2} (Okawaru gifted it to you on level
                  | 14 of the Dungeon)
 18533 | D:14     | Received a gift from Okawaru
 18536 | D:14     | Reached XP level 15. HP: 80/96 MP: 22/22
 18618 | D:14     | 18618 ||| INVOKING Heroism.
 18707 | D:14     | Found a gate to the Vaults.
 18824 | D:14     | 18824 ||| INVOKING Heroism.
 18826 | D:14     | 18826 ||| Stepping ~*~*~tactically~*~*~ (outnumbered).
 18827 | D:14     | 18827 ||| Stepping ~*~*~tactically~*~*~ (outnumbered).
 18830 | D:14     | 18830 ||| Stepping ~*~*~tactically~*~*~ (outnumbered).
 19008 | D:14     | Found a radiant altar of Vehumet.
 19073 | D:14     | 19073 ||| FLEEEEING.
 19074 | D:14     | 19074 ||| FLEEEEING.
 19075 | D:14     | 19075 ||| FLEEEEING.
 19081 | D:14     | 19081 ||| FLEEEEING.
 19082 | D:14     | 19082 ||| FLEEEEING.
 19083 | D:14     | 19083 ||| FLEEEEING.
 19084 | D:14     | 19084 ||| FLEEEEING.
 19091 | D:14     | 19091 ||| FLEEEEING.
 19092 | D:14     | 19092 ||| FLEEEEING.
 19093 | D:14     | 19093 ||| STAIRDANCE
 19195 | D:13     | 19195 ||| READING scroll labelled JAIXTO ODOGRU.
 19196 | D:13     | 19196 ||| READING scroll labelled JOXUM XUERGH.
 19346 | D:15     | Entered Level 15 of the Dungeon
 19783 | D:15     | Found a stormy altar of Qazlal.
 19796 | D:15     | 19796 ||| INVOKING Heroism.
 19797 | D:15     | 19797 ||| INVOKING Finesse.
 19989 | D:15     | 19989 ||| FLEEEEING.
 19990 | D:15     | 19990 ||| FLEEEEING.
 19991 | D:15     | 19991 ||| FLEEEEING.
 19992 | D:15     | 19992 ||| FLEEEEING.
 19993 | D:15     | 19993 ||| FLEEEEING.
 19994 | D:15     | 19994 ||| FLEEEEING.
 19995 | D:15     | 19995 ||| FLEEEEING.
 19997 | D:15     | 19997 ||| FLEEEEING.
 20096 | D:15     | 20096 ||| INVOKING Heroism.
 20097 | D:15     | 20097 ||| Stepping ~*~*~tactically~*~*~ (outnumbered).
 20283 | D:15     | Noticed a frost giant
 20284 | D:15     | 20284 ||| INVOKING Heroism.
 20285 | D:15     | 20285 ||| INVOKING Finesse.
 20288 | D:15     | Reached skill level 13 in Fighting
 20293 | D:15     | Killed a frost giant
 20333 | D:15     | Found a staircase to the Depths.
 20335 | D:15     | 20335 ||| PLANNING ORC
 20443 | Orc:1    | Entered Level 1 of the Orcish Mines
 20460 | Orc:1    | Noticed Harold
 20471 | Orc:1    | Killed Harold
 20630 | Orc:1    | 20630 ||| INVOKING Heroism.
 20838 | Orc:1    | 20838 ||| DROPPING +0 steam dragon scales.
 20839 | Orc:1    | 20839 ||| DROPPING +0 acid dragon scales.
 20840 | Orc:1    | 20840 ||| DROPPING +2 robe of willpower.
 20841 | Orc:1    | 20841 ||| UPGRADING to +0 troll leather armour.
 20861 | Orc:2    | Entered Level 2 of the Orcish Mines
 20868 | Orc:2    | 20868 ||| INVOKING Heroism.
 20920 | Orc:2    | 20920 ||| FLEEEEING.
 20923 | Orc:2    | 20923 ||| FLEEEEING.
 20924 | Orc:2    | 20924 ||| FLEEEEING.
 20925 | Orc:2    | 20925 ||| FLEEEEING.
 20927 | Orc:2    | 20927 ||| FLEEEEING.
 20928 | Orc:2    | 20928 ||| FLEEEEING.
 20929 | Orc:2    | 20929 ||| FLEEEEING.
 20930 | Orc:2    | 20930 ||| FLEEEEING.
 20931 | Orc:2    | 20931 ||| STAIRDANCE
 21005 | Orc:2    | Found Yshreica's Antique Armour Boutique.
 21018 | Orc:2    | 21018 ||| BUYING cloak (135 gold).
 21018 | Orc:2    | Bought a cloak for 135 gold pieces
 21029 | Orc:2    | 21029 ||| INVOKING Heroism.
 21073 | Orc:2    | 21073 ||| Stepping ~*~*~tactically~*~*~ (outnumbered).
 21075 | Orc:2    | 21075 ||| Stepping ~*~*~tactically~*~*~ (outnumbered).
 21078 | Orc:2    | 21078 ||| Stepping ~*~*~tactically~*~*~ (outnumbered).
 21092 | Orc:2    | Noticed an orc warlord
 21093 | Orc:2    | 21093 ||| INVOKING Heroism.
 21105 | Orc:2    | Killed an orc warlord
 21181 | Orc:2    | 21181 ||| Stepping ~*~*~tactically~*~*~ (outnumbered).
 21229 | Orc:2    | 21229 ||| Stepping ~*~*~tactically~*~*~ (outnumbered).
 21231 | Orc:2    | 21231 ||| Stepping ~*~*~tactically~*~*~ (outnumbered).
 21233 | Orc:2    | 21233 ||| Stepping ~*~*~tactically~*~*~ (outnumbered).
 21235 | Orc:2    | 21235 ||| Stepping ~*~*~tactically~*~*~ (outnumbered).
 21248 | Orc:2    | 21248 ||| INVOKING Heroism.
 21267 | Orc:2    | Found Soareul's Jewellery Boutique.
 21272 | Orc:2    | 21272 ||| Stepping ~*~*~tactically~*~*~ (outnumbered).
 21282 | Orc:2    | 21282 ||| Stepping ~*~*~tactically~*~*~ (outnumbered).
 21310 | Orc:2    | 21310 ||| Stepping ~*~*~tactically~*~*~ (outnumbered).
 21314 | Orc:2    | 21314 ||| Stepping ~*~*~tactically~*~*~ (outnumbered).
 21315 | Orc:2    | 21315 ||| INVOKING Heroism.
 21317 | Orc:2    | Paralysed by an orc sorcerer for 4 turns
 21334 | Orc:2    | Received a gift from Okawaru
 21339 | Orc:2    | Found Xamashece's Antique Weapon Shoppe.
 21356 | Orc:2    | 21356 ||| BUYING amulet of faith (600 gold).
 21356 | Orc:2    | Bought an amulet of faith for 600 gold pieces
 21363 | Orc:2    | Found Erot's Antique Weapon Shoppe.
 21365 | Orc:2    | Found Vaaj's Antique Armour Boutique.
 21404 | Orc:2    | 21404 ||| INVOKING Heroism.
 21478 | Orc:2    | Found a staircase to the Elven Halls.
 21592 | Orc:2    | 21592 ||| PLANNING SNAKE:1-3
 21592 | Orc:2    | 21592 ||| UPGRADING to +0 cloak.
 21597 | Orc:2    | 21597 ||| UPGRADING to amulet of faith.
 21754 | Snake:1  | Entered Level 1 of the Snake Pit
 21766 | Snake:1  | Received a gift from Okawaru
 21775 | Snake:1  | 21775 ||| STAIRDANCE
 21849 | Snake:1  | 21849 ||| INVOKING Heroism.
 21852 | Snake:1  | Reached XP level 16. HP: 104/104 MP: 20/23
 21878 | Snake:1  | Received a gift from Okawaru
 21899 | Snake:1  | 21899 ||| DROPPING +3 heavy arbalest.
 21913 | Snake:1  | You are sucked into a shaft and drop 1 floor!
 22046 | Snake:2  | 22046 ||| READING 13 scrolls of identify.
 22046 | Snake:2  | 22046 ||| IDENTIFYING fizzy emerald potion
 22054 | Snake:2  | 22054 ||| INVOKING Heroism.
 22156 | Snake:1  | 22156 ||| Stepping ~*~*~tactically~*~*~ (outnumbered).
 22157 | Snake:1  | 22157 ||| Stepping ~*~*~tactically~*~*~ (outnumbered).
 22160 | Snake:1  | 22160 ||| Stepping ~*~*~tactically~*~*~ (outnumbered).
 22162 | Snake:1  | 22162 ||| INVOKING Heroism.
 22217 | Snake:1  | Received a gift from Okawaru
 22269 | Snake:1  | 22269 ||| READING scroll of brand weapon.
 22269 | Snake:1  | 22269 ||| BRANDING +3 longbow of draining.
 22425 | Snake:1  | Reached skill level 14 in Fighting
 22427 | Snake:1  | Reached ****** piety under Okawaru
 22507 | Snake:1  | 22507 ||| INVOKING Heroism.
 22582 | Snake:2  | Identified the +10 crystal plate armour of the Eternal Void
                  | {-Tele rCorr Str+6 Stlth+} (Okawaru gifted it to you on
                  | level 2 of the Snake Pit)
 22582 | Snake:2  | Received a gift from Okawaru
 22597 | Snake:2  | 22597 ||| STAIRDANCE
 22643 | Snake:2  | 22643 ||| INVOKING Heroism.
 22646 | Snake:2  | 22646 ||| Stepping ~*~*~tactically~*~*~ (outnumbered).
 22654 | Snake:2  | Noticed Vashnia
 22655 | Snake:2  | 22655 ||| INVOKING Finesse.
 22667 | Snake:2  | 22667 ||| Stepping ~*~*~tactically~*~*~ (outnumbered).
 22673 | Snake:2  | Killed Vashnia
 22686 | Snake:2  | 22686 ||| Stepping ~*~*~tactically~*~*~ (outnumbered).
 22695 | Snake:2  | 22695 ||| INVOKING Heroism.
 22699 | Snake:2  | Reached skill level 12 in Dodging
 22818 | Snake:2  | 22818 ||| READING scroll of enchant weapon.
 22818 | Snake:2  | 22818 ||| ENCHANTING +3 longbow of freezing.
 23002 | Snake:2  | 23002 ||| READING scroll labelled UROTHR FE FAX.
 23036 | Snake:3  | 23036 ||| Stepping ~*~*~tactically~*~*~ (outnumbered).
 23037 | Snake:3  | 23037 ||| Stepping ~*~*~tactically~*~*~ (outnumbered).
 23045 | Snake:3  | 23045 ||| Stepping ~*~*~tactically~*~*~ (outnumbered).
 23048 | Snake:3  | 23048 ||| Stepping ~*~*~tactically~*~*~ (outnumbered).
 23087 | Snake:3  | 23087 ||| INVOKING Heroism.
 23156 | Snake:3  | Found a transporter.
 23167 | Snake:3  | 23167 ||| Stepping ~*~*~tactically~*~*~ (outnumbered).
 23181 | Snake:3  | 23181 ||| INVOKING Heroism.
 23186 | Snake:3  | 23186 ||| Stepping ~*~*~tactically~*~*~ (outnumbered).
 23211 | Snake:3  | 23211 ||| Stepping ~*~*~tactically~*~*~ (outnumbered).
 23216 | Snake:3  | 23216 ||| Stepping ~*~*~tactically~*~*~ (outnumbered).
 23219 | Snake:3  | Reached skill level 15 in Fighting
 23219 | Snake:3  | Reached XP level 17. HP: 113/113 MP: 24/24
 23360 | Snake:3  | 23360 ||| Stepping ~*~*~tactically~*~*~ (outnumbered).
 23362 | Snake:3  | 23362 ||| Stepping ~*~*~tactically~*~*~ (outnumbered).
 23368 | Snake:3  | 23368 ||| Stepping ~*~*~tactically~*~*~ (outnumbered).
 23370 | Snake:3  | 23370 ||| Stepping ~*~*~tactically~*~*~ (outnumbered).
 23374 | Snake:3  | 23374 ||| Stepping ~*~*~tactically~*~*~ (outnumbered).
 23376 | Snake:3  | 23376 ||| Stepping ~*~*~tactically~*~*~ (outnumbered).
 23379 | Snake:3  | 23379 ||| Stepping ~*~*~tactically~*~*~ (outnumbered).
 23383 | Snake:3  | 23383 ||| Stepping ~*~*~tactically~*~*~ (outnumbered).
 23386 | Snake:3  | Reached skill level 9 in Armour
 23392 | Snake:3  | 23392 ||| Stepping ~*~*~tactically~*~*~ (outnumbered).
 23394 | Snake:3  | Identified the +1 pair of boots of Patterns {Fly rElec
                  | Slay+5 Stlth-} (Okawaru gifted it to you on level 3 of the
                  | Snake Pit)
 23394 | Snake:3  | Received a gift from Okawaru
 23436 | Snake:3  | Found a transporter.
 23449 | Snake:3  | 23449 ||| INVOKING Heroism.
 23470 | Snake:3  | Found Ujosebb's Assorted Antiques.
 23478 | Snake:3  | 23478 ||| BUYING +3 salamander hide armour {Flames,
                  | rFlCloud rF++ rC--} (1138 gold).
 23478 | Snake:3  | Bought the +3 salamander hide armour {Flames, rFlCloud rF++
                  | rC--} for 1138 gold pieces
 23478 | Snake:3  | Found the +3 salamander hide armour {Flames, rFlCloud rF++
                  | rC--}
 23478 | Snake:3  | 23478 ||| BUYING potion of curing (99 gold).
 23478 | Snake:3  | Bought a potion of curing for 99 gold pieces
 23478 | Snake:3  | 23478 ||| BUYING potion of mutation (264 gold).
 23478 | Snake:3  | Bought a potion of mutation for 264 gold pieces
 23478 | Snake:3  | 23478 ||| BUYING scroll of teleportation (99 gold).
 23478 | Snake:3  | Bought a scroll of teleportation for 99 gold pieces
 23641 | Snake:3  | 23641 ||| PLANNING SHOALS:1-3
 23641 | Snake:3  | 23641 ||| UPGRADING to +1 pair of boots of Patterns {Fly
                  | rElec Slay+5 Stlth-}.
 23651 | Snake:3  | 23651 ||| DROPPING +2 pair of boots of stealth.
 23757 | Shoals:1 | Entered Level 1 of the Shoals
 23788 | Shoals:1 | 23788 ||| READING scroll of enchant weapon.
 23788 | Shoals:1 | 23788 ||| ENCHANTING +4 longbow of freezing.
 23911 | Shoals:1 | Noticed Frances
 23912 | Shoals:1 | 23912 ||| INVOKING Heroism.
 23913 | Shoals:1 | 23913 ||| INVOKING Finesse.
 23923 | Shoals:1 | Killed Frances
 24005 | Shoals:1 | Noticed Donald
 24006 | Shoals:1 | 24006 ||| INVOKING Heroism.
 24007 | Shoals:1 | 24007 ||| INVOKING Finesse.
 24012 | Shoals:1 | Killed Donald
 24062 | Shoals:1 | Noticed Mlioglotl
 24063 | Shoals:1 | 24063 ||| INVOKING Heroism.
 24064 | Shoals:1 | 24064 ||| INVOKING Finesse.
 24075 | Shoals:1 | Killed Mlioglotl
 24639 | Shoals:2 | Noticed Ilsuiw
 24641 | Shoals:2 | 24641 ||| INVOKING Heroism.
 24647 | Shoals:2 | Killed Ilsuiw
 24734 | Shoals:2 | 24734 ||| FLEEEEING.
 24735 | Shoals:2 | 24735 ||| FLEEEEING.
 24737 | Shoals:2 | 24737 ||| FLEEEEING.
 24738 | Shoals:2 | 24738 ||| FLEEEEING.
 24777 | Shoals:2 | 24777 ||| INVOKING Heroism.
 24779 | Shoals:2 | Reached skill level 16 in Fighting
 24911 | Shoals:2 | Noticed Aizul
 24912 | Shoals:2 | 24912 ||| INVOKING Heroism.
 24917 | Shoals:2 | Killed Aizul
 25337 | Shoals:2 | 25337 ||| DROPPING amulet of guardian spirit.
 25380 | Shoals:3 | 25380 ||| INVOKING Heroism.
 25410 | Shoals:3 | 25410 ||| Stepping ~*~*~tactically~*~*~ (outnumbered).
 25474 | Shoals:3 | 25474 ||| INVOKING Heroism.
 25475 | Shoals:3 | 25475 ||| INVOKING Finesse.
 25507 | Shoals:3 | Noticed Kirke
 25513 | Shoals:3 | Killed Kirke
 25565 | Shoals:3 | Noticed Nikola
 25566 | Shoals:3 | 25566 ||| INVOKING Heroism.
 25575 | Shoals:3 | Killed Nikola
 25623 | Shoals:3 | 25623 ||| INVOKING Heroism.
 25708 | Shoals:3 | Noticed Jorgrun
 25714 | Shoals:3 | Killed Jorgrun
 25761 | Shoals:3 | Noticed Polyphemus
 25762 | Shoals:3 | 25762 ||| INVOKING Heroism.
 25778 | Shoals:3 | Killed Polyphemus
 25910 | Shoals:3 | 25910 ||| INVOKING Heroism.
 25923 | Shoals:3 | Reached XP level 18. HP: 96/122 MP: 23/25
 26007 | Shoals:3 | 26007 ||| FLEEEEING.
 26008 | Shoals:3 | 26008 ||| FLEEEEING.
 26013 | Shoals:3 | Identified the +0 pair of boots of Misanthropy {rElec
                  | Int+2} (Okawaru gifted it to you on level 3 of the Shoals)
 26013 | Shoals:3 | Received a gift from Okawaru
 26135 | Shoals:3 | 26135 ||| INVOKING Heroism.
 26136 | Shoals:3 | 26136 ||| INVOKING Finesse.
 26238 | Shoals:3 | 26238 ||| INVOKING Heroism.
 26391 | Shoals:3 | 26391 ||| PLANNING SNAKE:4
 26391 | Shoals:3 | 26391 ||| DROPPING +0 pair of boots of Misanthropy {rElec
                  | Int+2}.
 26556 | Snake:4  | Entered Level 4 of the Snake Pit
 26557 | Snake:4  | 26557 ||| INVOKING Heroism.
 26561 | Snake:4  | Reached skill level 17 in Fighting
 26636 | Snake:4  | 26636 ||| INVOKING Heroism.
 26668 | Snake:4  | Identified a scroll of acquirement
 26678 | Snake:4  | 26678 ||| READING scroll of acquirement.
 26678 | Snake:4  | 26678 ||| ACQUIRING 1328 gold pieces
 26678 | Snake:4  | Acquired 1328 gold pieces
 26704 | Snake:4  | 26704 ||| Stepping ~*~*~tactically~*~*~ (outnumbered).
 26706 | Snake:4  | 26706 ||| Stepping ~*~*~tactically~*~*~ (outnumbered).
 26708 | Snake:4  | 26708 ||| Stepping ~*~*~tactically~*~*~ (outnumbered).
 26710 | Snake:4  | 26710 ||| Stepping ~*~*~tactically~*~*~ (outnumbered).
 26720 | Snake:4  | 26720 ||| INVOKING Heroism.
 26796 | Snake:4  | 26796 ||| INVOKING Heroism.
 26867 | Snake:4  | 26867 ||| INVOKING Heroism.
 26878 | Snake:4  | Found a transporter.
 26879 | Snake:4  | Found a transporter.
 26895 | Snake:4  | Noticed qw's ghost (adept GrFi)
 26901 | Snake:4  | Found a one-way gate to the infinite horrors of the Abyss.
 26907 | Snake:4  | 26907 ||| INVOKING Heroism.
 26997 | Snake:4  | 26997 ||| INVOKING Heroism.
 27031 | Snake:4  | Reached skill level 18 in Fighting
 27119 | Snake:4  | 27119 ||| Stepping ~*~*~tactically~*~*~ (outnumbered).
 27121 | Snake:4  | 27121 ||| Stepping ~*~*~tactically~*~*~ (outnumbered).
 27123 | Snake:4  | 27123 ||| Stepping ~*~*~tactically~*~*~ (outnumbered).
 27125 | Snake:4  | 27125 ||| Stepping ~*~*~tactically~*~*~ (outnumbered).
 27172 | Snake:4  | 27172 ||| Stepping ~*~*~tactically~*~*~ (outnumbered).
 27174 | Snake:4  | 27174 ||| Stepping ~*~*~tactically~*~*~ (outnumbered).
 27176 | Snake:4  | 27176 ||| Stepping ~*~*~tactically~*~*~ (outnumbered).
 27185 | Snake:4  | 27185 ||| INVOKING Heroism.
 27213 | Snake:4  | Received a gift from Okawaru
 27241 | Snake:4  | Reached skill level 15 in Dodging
 27266 | Snake:4  | 27266 ||| Stepping ~*~*~tactically~*~*~ (outnumbered).
 27271 | Snake:4  | 27271 ||| INVOKING Heroism.
 27286 | Snake:4  | Got a serpentine rune of Zot
 27384 | Snake:4  | Received a gift from Okawaru
 27446 | Snake:4  | 27446 ||| INVOKING Heroism.
 27578 | Snake:4  | 27578 ||| Stepping ~*~*~tactically~*~*~ (outnumbered).
 27579 | Snake:4  | 27579 ||| INVOKING Heroism.
 27583 | Snake:4  | 27583 ||| Stepping ~*~*~tactically~*~*~ (outnumbered).
 27601 | Snake:4  | 27601 ||| PLANNING VAULTS:1-4
 27868 | Vaults:1 | Entered Level 1 of the Vaults
 27873 | Vaults:1 | 27873 ||| Stepping ~*~*~tactically~*~*~ (outnumbered).
 27878 | Vaults:1 | 27878 ||| Stepping ~*~*~tactically~*~*~ (outnumbered).
 27880 | Vaults:1 | 27880 ||| Stepping ~*~*~tactically~*~*~ (outnumbered).
 27882 | Vaults:1 | 27882 ||| Stepping ~*~*~tactically~*~*~ (outnumbered).
 27884 | Vaults:1 | 27884 ||| Stepping ~*~*~tactically~*~*~ (outnumbered).
 28017 | Vaults:1 | 28017 ||| INVOKING Heroism.
 28018 | Vaults:1 | 28018 ||| INVOKING Finesse.
 28036 | Vaults:1 | Reached XP level 19. HP: 126/131 MP: 19/26
 28105 | Vaults:1 | 28105 ||| Stepping ~*~*~tactically~*~*~ (outnumbered).
 28111 | Vaults:1 | 28111 ||| INVOKING Heroism.
 28112 | Vaults:1 | 28112 ||| INVOKING Finesse.
 28226 | Vaults:1 | 28226 ||| Stepping ~*~*~tactically~*~*~ (outnumbered).
 28227 | Vaults:1 | 28227 ||| Stepping ~*~*~tactically~*~*~ (outnumbered).
 28232 | Vaults:1 | 28232 ||| INVOKING Heroism.
 28454 | Vaults:1 | 28454 ||| INVOKING Heroism.
 28455 | Vaults:1 | 28455 ||| INVOKING Finesse.
 28464 | Vaults:1 | Reached skill level 19 in Fighting
 28579 | Vaults:1 | 28579 ||| READING scroll of enchant weapon.
 28579 | Vaults:1 | 28579 ||| ENCHANTING +5 longbow of freezing.
 28589 | Vaults:1 | 28589 ||| FLEEEEING.
 28595 | Vaults:1 | 28595 ||| FLEEEEING.
 28596 | Vaults:1 | 28596 ||| FLEEEEING.
 28597 | Vaults:1 | 28597 ||| FLEEEEING.
 28642 | Vaults:1 | Found Arouwowa's Antique Armour Emporium.
 28649 | Vaults:1 | 28649 ||| BUYING dyed leather armour (170 gold).
 28649 | Vaults:1 | Bought a dyed leather armour for 170 gold pieces
 28649 | Vaults:1 | 28649 ||| BUYING glowing leather armour (170 gold).
 28649 | Vaults:1 | Bought a glowing leather armour for 170 gold pieces
 28649 | Vaults:1 | 28649 ||| BUYING pair of embroidered gloves (255 gold).
 28649 | Vaults:1 | Bought a pair of embroidered gloves for 255 gold pieces
 28685 | Vaults:1 | 28685 ||| INVOKING Heroism.
 28689 | Vaults:1 | 28689 ||| INVOKING Finesse.
 29212 | Vaults:1 | 29212 ||| INVOKING Heroism.
 29213 | Vaults:1 | 29213 ||| INVOKING Finesse.
 29383 | Vaults:1 | 29383 ||| DROPPING +0 ring mail of fire resistance.
 29384 | Vaults:1 | 29384 ||| DROPPING +0 robe of fire resistance.
 29385 | Vaults:1 | 29385 ||| DROPPING +0 leather armour of poison resistance.
 29386 | Vaults:1 | 29386 ||| DROPPING +2 pair of gloves of strength.
 29455 | Vaults:2 | 29455 ||| Stepping ~*~*~tactically~*~*~ (outnumbered).
 29468 | Vaults:2 | 29468 ||| FLEEEEING.
 29469 | Vaults:2 | 29469 ||| FLEEEEING.
 29471 | Vaults:2 | 29471 ||| FLEEEEING.
 29473 | Vaults:2 | 29473 ||| FLEEEEING.
 29474 | Vaults:2 | 29474 ||| FLEEEEING.
 29475 | Vaults:2 | 29475 ||| FLEEEEING.
 29476 | Vaults:2 | 29476 ||| FLEEEEING.
 29477 | Vaults:2 | 29477 ||| FLEEEEING.
 29478 | Vaults:2 | 29478 ||| FLEEEEING.
 29479 | Vaults:2 | 29479 ||| FLEEEEING.
 29480 | Vaults:2 | 29480 ||| FLEEEEING.
 29482 | Vaults:2 | 29482 ||| FLEEEEING.
 29483 | Vaults:2 | 29483 ||| FLEEEEING.
 29484 | Vaults:2 | 29484 ||| FLEEEEING.
 29485 | Vaults:2 | 29485 ||| FLEEEEING.
 29486 | Vaults:2 | 29486 ||| FLEEEEING.
 29487 | Vaults:2 | 29487 ||| FLEEEEING.
 29488 | Vaults:2 | 29488 ||| FLEEEEING.
 29489 | Vaults:2 | 29489 ||| FLEEEEING.
 29490 | Vaults:2 | 29490 ||| FLEEEEING.
 29491 | Vaults:2 | 29491 ||| FLEEEEING.
 29492 | Vaults:2 | 29492 ||| FLEEEEING.
 29495 | Vaults:2 | 29495 ||| FLEEEEING.
 29496 | Vaults:2 | 29496 ||| STAIRDANCE
 29611 | Vaults:2 | 29611 ||| STAIRDANCE
 29716 | Vaults:2 | 29716 ||| INVOKING Heroism.
 29717 | Vaults:2 | 29717 ||| Stepping ~*~*~tactically~*~*~ (outnumbered).
 29779 | Vaults:2 | 29779 ||| INVOKING Heroism.
 29780 | Vaults:2 | 29780 ||| INVOKING Finesse.
 30009 | Vaults:2 | 30009 ||| Stepping ~*~*~tactically~*~*~ (outnumbered).
 30011 | Vaults:2 | 30011 ||| Stepping ~*~*~tactically~*~*~ (outnumbered).
 30023 | Vaults:2 | 30023 ||| INVOKING Heroism.
 30024 | Vaults:2 | 30024 ||| INVOKING Finesse.
 30052 | Vaults:2 | Received a gift from Okawaru
 30052 | Vaults:2 | Found the +27 heavy crossbow "Sniper" {heavy, Acc+∞ SInv}
 30065 | Vaults:2 | 30065 ||| SWAPPING to +27 heavy crossbow "Sniper" {heavy,
                  | Acc+∞ SInv}.
 30066 | Vaults:2 | 30066 ||| DROPPING +6 longbow of freezing.
 30139 | Vaults:2 | 30139 ||| INVOKING Heroism.
 30140 | Vaults:2 | 30140 ||| INVOKING Finesse.
 30175 | Vaults:2 | 30175 ||| INVOKING Heroism.
 30176 | Vaults:2 | 30176 ||| INVOKING Finesse.
 30230 | Vaults:2 | 30230 ||| INVOKING Heroism.
 30385 | Vaults:2 | 30385 ||| Stepping ~*~*~tactically~*~*~ (outnumbered).
 30389 | Vaults:2 | 30389 ||| FLEEEEING.
 30390 | Vaults:2 | 30390 ||| FLEEEEING.
 30503 | Vaults:2 | 30503 ||| INVOKING Heroism.
 30739 | Vaults:2 | 30739 ||| INVOKING Heroism.
 30816 | Vaults:2 | Reached XP level 20. HP: 139/139 MP: 27/27
 30882 | Vaults:2 | 30882 ||| INVOKING Heroism.
 30962 | Vaults:2 | 30962 ||| INVOKING Heroism.
 31005 | Vaults:2 | Identified the +3 plate armour of the Foremost Ziggurats
                  | {Int+3}
 31033 | Vaults:2 | 31033 ||| Stepping ~*~*~tactically~*~*~ (outnumbered).
 31042 | Vaults:2 | Reached skill level 21 in Ranged Weapons
 31130 | Vaults:2 | 31130 ||| INVOKING Heroism.
 31131 | Vaults:2 | 31131 ||| INVOKING Finesse.
 31136 | Vaults:2 | 31136 ||| Stepping ~*~*~tactically~*~*~ (outnumbered).
 31137 | Vaults:2 | 31137 ||| Stepping ~*~*~tactically~*~*~ (outnumbered).
 31270 | Vaults:2 | 31270 ||| DRINKING 2 bubbling puce potions.
 31271 | Vaults:2 | 31271 ||| DROPPING potion of invisibility.
 31529 | Vaults:3 | 31529 ||| Stepping ~*~*~tactically~*~*~ (outnumbered).
 31531 | Vaults:3 | 31531 ||| Stepping ~*~*~tactically~*~*~ (outnumbered).
 31636 | Vaults:3 | 31636 ||| FLEEEEING.
 31637 | Vaults:3 | 31637 ||| FLEEEEING.
 31638 | Vaults:3 | 31638 ||| FLEEEEING.
 31644 | Vaults:3 | 31644 ||| FLEEEEING.
 31645 | Vaults:3 | 31645 ||| FLEEEEING.
 31646 | Vaults:3 | 31646 ||| FLEEEEING.
 31647 | Vaults:3 | 31647 ||| FLEEEEING.
 31648 | Vaults:3 | 31648 ||| FLEEEEING.
 31698 | Vaults:3 | 31698 ||| DRINKING 9 potions of curing.
 31698 | Vaults:3 | 31698 ||| (to cure confusion)
 31921 | Vaults:3 | 31921 ||| Stepping ~*~*~tactically~*~*~ (outnumbered).
 31994 | Vaults:3 | Found a staircase to the Crypt.
 31995 | Vaults:3 | 31995 ||| INVOKING Heroism.
 31997 | Vaults:3 | Received a gift from Okawaru
 32214 | Vaults:3 | 32214 ||| INVOKING Finesse.
 32221 | Vaults:3 | 32221 ||| INVOKING Heroism.
 32252 | Vaults:3 | 32252 ||| FLEEEEING.
 32258 | Vaults:3 | 32258 ||| FLEEEEING.
 32259 | Vaults:3 | 32259 ||| FLEEEEING.
 32260 | Vaults:3 | 32260 ||| FLEEEEING.
 32261 | Vaults:3 | 32261 ||| FLEEEEING.
 32283 | Vaults:3 | 32283 ||| FLEEEEING.
 32284 | Vaults:3 | 32284 ||| FLEEEEING.
 32289 | Vaults:3 | 32289 ||| FLEEEEING.
 32290 | Vaults:3 | 32290 ||| FLEEEEING.
 32291 | Vaults:3 | 32291 ||| FLEEEEING.
 32292 | Vaults:3 | 32292 ||| FLEEEEING.
 32293 | Vaults:3 | 32293 ||| FLEEEEING.
 32700 | Vaults:4 | Reached skill level 20 in Fighting
 32739 | Vaults:4 | Identified the +2 buckler of Yjuxuhob {Int+2} (Okawaru
                  | gifted it to you on level 4 of the Vaults)
 32739 | Vaults:4 | Received a gift from Okawaru
 32742 | Vaults:4 | 32742 ||| FLEEEEING.
 32743 | Vaults:4 | 32743 ||| FLEEEEING.
 32744 | Vaults:4 | 32744 ||| FLEEEEING.
 32745 | Vaults:4 | 32745 ||| FLEEEEING.
 32751 | Vaults:4 | Noticed Jory
 32753 | Vaults:4 | Killed Jory
 32759 | Vaults:4 | Reached skill level 12 in Armour
 32764 | Vaults:4 | 32764 ||| INVOKING Heroism.
 32766 | Vaults:4 | Reached XP level 21. HP: 103/146 MP: 25/28
 33032 | Vaults:4 | 33032 ||| Stepping ~*~*~tactically~*~*~ (outnumbered).
 33033 | Vaults:4 | 33033 ||| INVOKING Heroism.
 33187 | Vaults:4 | Found Utzutt's Armour Shoppe.
 33196 | Vaults:4 | 33196 ||| BUYING +1 cloak of willpower (313 gold).
 33196 | Vaults:4 | Bought a +1 cloak of willpower for 313 gold pieces
 33196 | Vaults:4 | 33196 ||| BUYING +2 helmet "Buufur" {Will+} (514 gold).
 33196 | Vaults:4 | Bought the +2 helmet "Buufur" {Will+} for 514 gold pieces
 33499 | Vaults:4 | Found Qauneimo's Armour Shop.
 33502 | Vaults:4 | Reached skill level 18 in Dodging
 33511 | Vaults:4 | 33511 ||| BUYING +2 ring mail "Fid Paod" {rF- rN++ Dex+5}
                  | (700 gold).
 33511 | Vaults:4 | Bought the +2 ring mail "Fid Paod" {rF- rN++ Dex+5} for 700
                  | gold pieces
 33515 | Vaults:4 | 33515 ||| Stepping ~*~*~tactically~*~*~ (outnumbered).
 33516 | Vaults:4 | 33516 ||| INVOKING Heroism.
 33517 | Vaults:4 | 33517 ||| INVOKING Finesse.
 33712 | Vaults:4 | Found Huocsaen's Antique Weapon Shoppe.
 33724 | Vaults:4 | Found Kemaettu's General Store.
 33725 | Vaults:4 | Found Buex's Antique Weapon Shoppe.
 33732 | Vaults:4 | 33732 ||| BUYING potion of curing (66 gold).
 33732 | Vaults:4 | Bought a potion of curing for 66 gold pieces
 33746 | Vaults:4 | 33746 ||| Stepping ~*~*~tactically~*~*~ (outnumbered).
 33748 | Vaults:4 | 33748 ||| Stepping ~*~*~tactically~*~*~ (outnumbered).
 33750 | Vaults:4 | 33750 ||| Stepping ~*~*~tactically~*~*~ (outnumbered).
 33813 | Vaults:4 | 33813 ||| PLANNING SHOALS:4
 33813 | Vaults:4 | 33813 ||| UPGRADING to +1 cloak of willpower.
 33823 | Vaults:4 | 33823 ||| DROPPING +0 cloak.
 33824 | Vaults:4 | 33824 ||| UPGRADING to +2 helmet "Buufur" {Will+}.
 33834 | Vaults:4 | 33834 ||| DROPPING +2 helmet.
 33835 | Vaults:4 | 33835 ||| UPGRADING to +2 ring mail "Fid Paod" {rF- rN++
                  | Dex+5}.
 34218 | Shoals:3 | Identified the scarf of the Old World {harm, rF+ Regen+
                  | Int+3} (Okawaru gifted it to you on level 3 of the Shoals)
 34218 | Shoals:3 | Received a gift from Okawaru
 34224 | Shoals:4 | Entered Level 4 of the Shoals
 34281 | Shoals:4 | Found Itonismea's Armour Emporium.
 34308 | Shoals:4 | 34308 ||| Stepping ~*~*~tactically~*~*~ (outnumbered).
 34319 | Shoals:4 | Identified the +9 morningstar "Ronyipp" {drain, MP-9 Str+5}
 34443 | Shoals:4 | 34443 ||| Stepping ~*~*~tactically~*~*~ (outnumbered).
 34445 | Shoals:4 | 34445 ||| Stepping ~*~*~tactically~*~*~ (outnumbered).
 34447 | Shoals:4 | 34447 ||| Stepping ~*~*~tactically~*~*~ (outnumbered).
 34583 | Shoals:4 | 34583 ||| INVOKING Heroism.
 34585 | Shoals:4 | 34585 ||| Stepping ~*~*~tactically~*~*~ (outnumbered).
 34587 | Shoals:4 | 34587 ||| Stepping ~*~*~tactically~*~*~ (outnumbered).
 34590 | Shoals:4 | 34590 ||| Stepping ~*~*~tactically~*~*~ (outnumbered).
 34724 | Shoals:4 | Got a barnacled rune of Zot
 34797 | Shoals:4 | 34797 ||| Stepping ~*~*~tactically~*~*~ (outnumbered).
 34799 | Shoals:4 | Reached skill level 21 in Fighting
 34800 | Shoals:4 | 34800 ||| INVOKING Heroism.
 34801 | Shoals:4 | 34801 ||| INVOKING Finesse.
 34809 | Shoals:4 | 34809 ||| Stepping ~*~*~tactically~*~*~ (cloud).
 34963 | Shoals:4 | 34963 ||| Stepping ~*~*~tactically~*~*~ (outnumbered).
 34964 | Shoals:4 | 34964 ||| Stepping ~*~*~tactically~*~*~ (outnumbered).
 34965 | Shoals:4 | 34965 ||| Stepping ~*~*~tactically~*~*~ (outnumbered).
 34967 | Shoals:4 | 34967 ||| INVOKING Heroism.
 34968 | Shoals:4 | 34968 ||| INVOKING Finesse.
 35023 | Shoals:4 | 35023 ||| Stepping ~*~*~tactically~*~*~ (outnumbered).
 35058 | Shoals:4 | 35058 ||| Stepping ~*~*~tactically~*~*~ (outnumbered).
 35060 | Shoals:4 | 35060 ||| Stepping ~*~*~tactically~*~*~ (outnumbered).
 35062 | Shoals:4 | 35062 ||| Stepping ~*~*~tactically~*~*~ (outnumbered).
 35063 | Shoals:4 | 35063 ||| INVOKING Heroism.
 35064 | Shoals:4 | 35064 ||| INVOKING Finesse.
 35318 | Shoals:4 | 35318 ||| PLANNING DEPTHS
 35318 | Shoals:4 | 35318 ||| DROPPING +1 ring mail of cold resistance.
 35319 | Shoals:4 | 35319 ||| READING 27 scrolls of identify.
 35319 | Shoals:4 | 35319 ||| IDENTIFYING viscous purple potion
 35648 | Depths:1 | Entered Level 1 of the Depths
 35649 | Depths:1 | 35649 ||| PLANNING BAZAAR
 35673 | Depths:1 | Found Guonohig's Antique Armour Emporium.
 35676 | Depths:1 | 35676 ||| INVOKING Heroism.
 35801 | Depths:1 | 35801 ||| BUYING dyed leather armour (165 gold).
 35801 | Depths:1 | Bought a dyed leather armour for 165 gold pieces
 35837 | Depths:1 | 35837 ||| INVOKING Heroism.
 35838 | Depths:1 | 35838 ||| INVOKING Finesse.
 35843 | Depths:1 | Reached XP level 22. HP: 123/155 MP: 22/29
 35890 | Depths:1 | Noticed a juggernaut
 35891 | Depths:1 | 35891 ||| INVOKING Heroism.
 35892 | Depths:1 | 35892 ||| INVOKING Finesse.
 35895 | Depths:1 | Killed a juggernaut
 35943 | Depths:1 | 35943 ||| INVOKING Heroism.
 35953 | Depths:1 | Received a gift from Okawaru
 35972 | Depths:1 | Reached skill level 22 in Fighting
 36027 | Depths:1 | Found a gateway to Hell.
 36031 | Depths:1 | 36031 ||| INVOKING Heroism.
 36151 | Depths:1 | 36151 ||| INVOKING Heroism.
 36241 | Depths:1 | 36241 ||| INVOKING Heroism.
 36327 | Depths:1 | 36327 ||| Stepping ~*~*~tactically~*~*~ (outnumbered).
 36336 | Depths:1 | Reached skill level 15 in Armour
 36413 | Depths:1 | Identified the +7 tower shield of Typpiyfese {rC- Int+8}
 36457 | Depths:1 | 36457 ||| INVOKING Heroism.
 36485 | Depths:1 | 36485 ||| RIP WIZLAB
 36545 | Depths:1 | Found Ytoty's Magic Scroll Boutique.
 36554 | Depths:1 | 36554 ||| BUYING scroll of enchant armour (127 gold).
 36554 | Depths:1 | Bought a scroll of enchant armour for 127 gold pieces
 36554 | Depths:1 | 36554 ||| BUYING scroll of teleportation (51 gold).
 36554 | Depths:1 | Bought a scroll of teleportation for 51 gold pieces
 36554 | Depths:1 | 36554 ||| READING scroll of enchant armour.
 36554 | Depths:1 | 36554 ||| ENCHANTING +1 cloak of willpower.
 36631 | Depths:1 | Found a flickering gateway to a bazaar.
 36632 | Depths:1 | 36632 ||| DROPPING +2 leather armour of poison resistance.
 36633 | Depths:1 | 36633 ||| DROPPING +0 troll leather armour.
 36634 | Depths:1 | 36634 ||| UPGRADING to quicksilver dragon scales.
 36644 | Depths:1 | 36644 ||| DROPPING +2 ring mail of willpower.
 36645 | Depths:1 | 36645 ||| DROPPING ring of protection from cold.
 36646 | Depths:1 | 36646 ||| DROPPING ring of protection from fire.
 36652 | Bazaar   | Entered a bazaar
 36652 | Bazaar   | Found Joanuj's Armour Boutique.
 36652 | Bazaar   | Found Ceusk's Antique Weapon Shop.
 36652 | Bazaar   | Found Iciam's Armour Shop.
 36667 | Depths:1 | 36667 ||| PLANNING DEPTHS
 36697 | Depths:1 | Found Pebb's Weapon Boutique.
 36738 | Depths:1 | 36738 ||| INVOKING Heroism.
 36890 | Depths:1 | 36890 ||| INVOKING Heroism.
 37012 | Depths:2 | 37012 ||| INVOKING Heroism.
 37025 | Depths:2 | 37025 ||| INVOKING Heroism.
 37243 | Depths:2 | 37243 ||| INVOKING Heroism.
 37303 | Depths:2 | Noticed Saint Roka
 37304 | Depths:2 | 37304 ||| Stepping ~*~*~tactically~*~*~ (outnumbered).
 37311 | Depths:2 | 37311 ||| INVOKING Heroism.
 37313 | Depths:2 | Killed Saint Roka
 37313 | Depths:2 | Received a gift from Okawaru
 37521 | Depths:2 | 37521 ||| INVOKING Heroism.
 37561 | Depths:2 | Noticed Vv
 37562 | Depths:2 | 37562 ||| DRINKING 3 potions of resistance.
 37563 | Depths:2 | 37563 ||| INVOKING Heroism.
 37565 | Depths:2 | Killed Vv
 37653 | Depths:2 | Found Poko Fiu's Weapon Shoppe.
 37725 | Depths:2 | Noticed Mara
 37726 | Depths:2 | 37726 ||| Stepping ~*~*~tactically~*~*~ (outnumbered).
 37731 | Depths:2 | Noticed qw's illusion
 37731 | Depths:2 | 37731 ||| INVOKING Heroism.
 37737 | Depths:2 | Noticed qw's illusion
 37738 | Depths:2 | 37738 ||| Stepping ~*~*~tactically~*~*~ (outnumbered).
 37740 | Depths:2 | 37740 ||| Stepping ~*~*~tactically~*~*~ (outnumbered).
 37748 | Depths:2 | Killed Mara
 37766 | Depths:2 | Identified the ring of Reimbursement {Ice *Slow rPois Will+
                  | SInv}
 37766 | Depths:2 | Noticed Josephina
 37767 | Depths:2 | 37767 ||| INVOKING Heroism.
 37769 | Depths:2 | Killed Josephina
 37927 | Depths:2 | 37927 ||| INVOKING Heroism.
 37928 | Depths:2 | Received a gift from Okawaru
 37957 | Depths:2 | Paralysed by a floating eye for 4 turns
 37962 | Depths:2 | Paralysed by a floating eye for 2 turns
 37963 | Depths:2 | 37963 ||| INVOKING Heroism.
 38096 | Depths:2 | 38096 ||| INVOKING Heroism.
 38212 | Depths:2 | 38212 ||| INVOKING Heroism.
 38399 | Depths:2 | Found a one-way gate leading to the halls of Pandemonium.
 38402 | Depths:2 | 38402 ||| INVOKING Heroism.
 38724 | Depths:3 | 38724 ||| INVOKING Heroism.
 38729 | Depths:3 | Reached XP level 23. HP: 116/162 MP: 28/30
 38734 | Depths:3 | Reached skill level 18 in Armour
 38848 | Depths:3 | 38848 ||| INVOKING Heroism.
 38851 | Depths:3 | Received a gift from Okawaru
 38915 | Depths:3 | 38915 ||| INVOKING Heroism.
 38985 | Depths:3 | 38985 ||| FLEEEEING.
 38986 | Depths:3 | 38986 ||| FLEEEEING.
 38987 | Depths:3 | 38987 ||| FLEEEEING.
 38988 | Depths:3 | 38988 ||| FLEEEEING.
 38989 | Depths:3 | 38989 ||| FLEEEEING.
 38990 | Depths:3 | 38990 ||| FLEEEEING.
 38991 | Depths:3 | 38991 ||| FLEEEEING.
 38992 | Depths:3 | 38992 ||| FLEEEEING.
 38993 | Depths:3 | 38993 ||| FLEEEEING.
 38994 | Depths:3 | 38994 ||| FLEEEEING.
 38995 | Depths:3 | 38995 ||| FLEEEEING.
 38996 | Depths:3 | 38996 ||| FLEEEEING.
 38997 | Depths:3 | 38997 ||| FLEEEEING.
 38999 | Depths:3 | 38999 ||| STAIRDANCE
 39123 | Depths:3 | 39123 ||| STAIRDANCE
 39262 | Depths:3 | 39262 ||| INVOKING Heroism.
 39267 | Depths:3 | Noticed a golden dragon
 39268 | Depths:3 | Noticed a caustic shrike
 39270 | Depths:3 | Killed a caustic shrike
 39274 | Depths:3 | HP: 34/162 [fire giant/bolt of fire (40)]
 39275 | Depths:3 | 39275 ||| READING 16 scrolls of teleportation.
 39276 | Depths:3 | 39276 ||| DRINKING 10 potions of heal wounds.
 39277 | Depths:3 | 39277 ||| DRINKING 9 potions of heal wounds.
 39278 | Depths:3 | Killed a golden dragon
 39328 | Depths:3 | 39328 ||| INVOKING Heroism.
 39392 | Depths:3 | 39392 ||| INVOKING Heroism.
 39451 | Depths:3 | 39451 ||| FLEEEEING.
 39455 | Depths:3 | 39455 ||| STAIRDANCE
 39512 | Depths:3 | 39512 ||| INVOKING Heroism.
 39930 | Depths:3 | 39930 ||| DROPPING amulet of regeneration.
 39937 | Depths:3 | 39937 ||| INVOKING Heroism.
 39963 | Depths:4 | Entered Level 4 of the Depths
 39970 | Depths:4 | 39970 ||| INVOKING Heroism.
 40004 | Depths:4 | Noticed a juggernaut
 40005 | Depths:4 | 40005 ||| INVOKING Heroism.
 40008 | Depths:4 | Killed a juggernaut
 40094 | Depths:4 | 40094 ||| INVOKING Heroism.
 40095 | Depths:4 | Noticed a golden dragon
 40096 | Depths:4 | Killed a golden dragon
 40106 | Depths:4 | 40106 ||| INVOKING Heroism.
 40155 | Depths:4 | 40155 ||| INVOKING Heroism.
 40186 | Depths:4 | Identified the +3 quarterstaff "Xoyma" {speed, rPois rF-
                  | rCorr Int+5}
 40195 | Depths:4 | Noticed a caustic shrike
 40197 | Depths:4 | Killed a caustic shrike
 40231 | Depths:4 | Noticed a caustic shrike
 40232 | Depths:4 | 40232 ||| INVOKING Heroism.
 40235 | Depths:4 | Killed a caustic shrike
 40292 | Depths:4 | 40292 ||| Stepping ~*~*~tactically~*~*~ (outnumbered).
 40420 | Depths:4 | Identified the amulet of Conformity {Spirit Str+2 Int+3}
 40436 | Depths:4 | 40436 ||| INVOKING Heroism.
 40445 | Depths:4 | Reached skill level 23 in Fighting
 40478 | Depths:4 | Noticed an ancient lich
 40478 | Depths:4 | Noticed an ancient lich
 40479 | Depths:4 | 40479 ||| INVOKING Finesse.
 40480 | Depths:4 | 40480 ||| INVOKING Heroism.
 40481 | Depths:4 | 40481 ||| DROPPING amulet of Conformity {Spirit Str+2
                  | Int+3}.
 40482 | Depths:4 | Found a one-way gateway to a ziggurat.
 40541 | Depths:4 | 40541 ||| FLEEEEING.
 40542 | Depths:4 | 40542 ||| FLEEEEING.
 40543 | Depths:4 | 40543 ||| FLEEEEING.
 40544 | Depths:4 | 40544 ||| FLEEEEING.
 40546 | Depths:4 | 40546 ||| FLEEEEING.
 40547 | Depths:4 | 40547 ||| FLEEEEING.
 40548 | Depths:4 | 40548 ||| FLEEEEING.
 40549 | Depths:4 | 40549 ||| FLEEEEING.
 40554 | Depths:4 | 40554 ||| FLEEEEING.
 40682 | Depths:4 | 40682 ||| Stepping ~*~*~tactically~*~*~ (outnumbered).
 40720 | Depths:4 | 40720 ||| FLEEEEING.
 40723 | Depths:4 | 40723 ||| FLEEEEING.
 40724 | Depths:4 | 40724 ||| FLEEEEING.
 40853 | Depths:4 | Received a gift from Okawaru
 40978 | Depths:4 | Found a gate to the Realm of Zot.
 41084 | Depths:4 | Found Mosuekk's Antique Weapon Shoppe.
 41086 | Depths:4 | 41086 ||| INVOKING Heroism.
 41121 | Depths:4 | 41121 ||| INVOKING Heroism.
 41683 | Depths:4 | 41683 ||| PLANNING VAULTS:5
 41822 | Depths:1 | 41822 ||| INVOKING Heroism.
 41825 | Depths:1 | Reached XP level 24. HP: 171/171 MP: 29/30
 41837 | Depths:1 | Identified the +7 falchion "Surit" {heavy, *Slow rC++ Will-
                  | Str+3}
 42043 | Vaults:5 | Entered Level 5 of the Vaults
 42043 | Vaults:5 | Noticed Bai Suzhen
 42044 | Vaults:5 | 42044 ||| INVOKING Heroism.
 42049 | Vaults:5 | Killed Bai Suzhen
 42052 | Vaults:5 | 42052 ||| STAIRDANCE
 42061 | Vaults:4 | HP: 41/171 [vault guard/+0 war axe (4)]
 42062 | Vaults:4 | 42062 ||| READING 16 scrolls of teleportation.
 42063 | Vaults:4 | 42063 ||| DRINKING 8 potions of heal wounds.
 42065 | Vaults:4 | 42065 ||| DRINKING 7 potions of heal wounds.
 42066 | Vaults:4 | 42066 ||| INVOKING Heroism.
 42093 | Vaults:4 | 42093 ||| FLEEEEING.
 42094 | Vaults:4 | 42094 ||| FLEEEEING.
 42124 | Vaults:4 | 42124 ||| FLEEEEING.
 42125 | Vaults:4 | 42125 ||| FLEEEEING.
 42316 | Vaults:5 | 42316 ||| INVOKING Heroism.
 42322 | Vaults:5 | Received a gift from Okawaru
 42324 | Vaults:5 | Noticed a dread lich
 42330 | Vaults:5 | 42330 ||| STAIRDANCE
 42519 | Vaults:5 | 42519 ||| INVOKING Heroism.
 42520 | Vaults:5 | Killed a dread lich
 42521 | Vaults:5 | 42521 ||| INVOKING Finesse.
 42526 | Vaults:5 | 42526 ||| STAIRDANCE
 42678 | Vaults:5 | Reached skill level 24 in Fighting
 42679 | Vaults:5 | 42679 ||| FLEEEEING.
 42680 | Vaults:5 | 42680 ||| STAIRDANCE
 42727 | Vaults:5 | Noticed an ancient lich
 42728 | Vaults:5 | 42728 ||| INVOKING Heroism.
 42728 | Vaults:5 | Identified the +2 scale mail of Grace {rElec rF+++ Str-4
                  | Int-3}
 42731 | Vaults:5 | Killed an ancient lich
 42739 | Vaults:5 | Identified the ring "Qeczezig" {Fly rF+}
 42787 | Vaults:5 | 42787 ||| INVOKING Heroism.
 42797 | Vaults:5 | Found Hintuoz's Jewellery Shop.
 42806 | Vaults:5 | 42806 ||| SHOPLISTING ring of a Million Nightmares {rElec
                  | rF+ Dex+3} (996 gold, have 765).
 42873 | Vaults:5 | 42873 ||| INVOKING Heroism.
 42888 | Vaults:5 | Received a gift from Okawaru
 42896 | Vaults:5 | Reached skill level 21 in Armour
 42916 | Vaults:5 | Found Cipp's Jewellery Shoppe.
 42932 | Vaults:5 | 42932 ||| BUYING ring of Vodeq {rF+ rC+ rCorr Int+2 Dex+3}
                  | (881 gold).
 42932 | Vaults:5 | Bought the ring of Vodeq {rF+ rC+ rCorr Int+2 Dex+3} for
                  | 881 gold pieces
 42937 | Vaults:5 | Got a silver rune of Zot
 43092 | Vaults:5 | 43092 ||| FLEEEEING.
 43093 | Vaults:5 | 43093 ||| FLEEEEING.
 43094 | Vaults:5 | 43094 ||| FLEEEEING.
 43095 | Vaults:5 | 43095 ||| FLEEEEING.
 43096 | Vaults:5 | 43096 ||| FLEEEEING.
 43097 | Vaults:5 | 43097 ||| FLEEEEING.
 43098 | Vaults:5 | 43098 ||| FLEEEEING.
 43099 | Vaults:5 | 43099 ||| FLEEEEING.
 43100 | Vaults:5 | 43100 ||| FLEEEEING.
 43101 | Vaults:5 | 43101 ||| FLEEEEING.
 43102 | Vaults:5 | 43102 ||| FLEEEEING.
 43103 | Vaults:5 | 43103 ||| FLEEEEING.
 43104 | Vaults:5 | 43104 ||| FLEEEEING.
 43105 | Vaults:5 | 43105 ||| FLEEEEING.
 43106 | Vaults:5 | 43106 ||| FLEEEEING.
 43107 | Vaults:5 | 43107 ||| FLEEEEING.
 43108 | Vaults:5 | 43108 ||| FLEEEEING.
 43109 | Vaults:5 | 43109 ||| FLEEEEING.
 43110 | Vaults:5 | 43110 ||| FLEEEEING.
 43111 | Vaults:5 | 43111 ||| FLEEEEING.
 43112 | Vaults:5 | 43112 ||| FLEEEEING.
 43180 | Vaults:5 | Identified the +4 ring mail of Aheuduwipp {rC++ Str+3
                  | Int+2}
 43233 | Vaults:5 | Identified the ring "Suew" {rPois rF+ Will- Str+2 Int+3}
 43236 | Vaults:5 | 43236 ||| FLEEEEING.
 43280 | Vaults:5 | Found the ring of the Octopus King
 43284 | Vaults:5 | Identified the +7 dagger of Conformity {heavy, +Blink Str-2
                  | Int+3}
 43295 | Vaults:5 | Identified a ring of the Octopus King {rF+ HP+2 AC+2 EV+2
                  | SH+2}
 43393 | Vaults:5 | Identified the +2 quarterstaff of Calamity {spect, Int+6}
 43393 | Vaults:5 | Identified the amulet of Ineuseun {Faith -Tele Fly Int+4}
 43460 | Vaults:5 | 43460 ||| INVOKING Heroism.
 43466 | Vaults:5 | Received a gift from Okawaru
 43498 | Vaults:5 | 43498 ||| INVOKING Heroism.
 43561 | Vaults:5 | 43561 ||| INVOKING Heroism.
 43630 | Vaults:5 | Identified the +4 spear of Dithmenos's Respect {vamp,
                  | Fragile rF+++ Will+++ Dex-2}
 43743 | Vaults:5 | 43743 ||| INVOKING Heroism.
 43763 | Vaults:5 | 43763 ||| PLANNING SHOPPING SPREE
 43763 | Vaults:5 | 43763 ||| UPGRADING to +4 ring mail of Aheuduwipp {rC++
                  | Str+3 Int+2}.
 43773 | Vaults:5 | 43773 ||| DROPPING +2 robe.
 43774 | Vaults:5 | 43774 ||| DROPPING +2 robe of willpower.
 43775 | Vaults:5 | 43775 ||| UPGRADING to ring of Vodeq {rF+ rC+ rCorr Int+2
                  | Dex+3}.
 43777 | Vaults:5 | 43777 ||| DROPPING ring "Suew" {rPois rF+ Will- Str+2
                  | Int+3}.
 43778 | Vaults:5 | 43778 ||| UPGRADING to ring of the Octopus King {rF+ HP+2
                  | AC+2 EV+2 SH+2}.
 44281 | D:6      | 44281 ||| CLEARING SHOPPING LIST
 44281 | D:6      | 44281 ||| PLANNING ZOT:1-4
 44594 | Zot:1    | Entered Level 1 of the Realm of Zot
 44632 | Zot:1    | 44632 ||| Stepping ~*~*~tactically~*~*~ (outnumbered).
 44642 | Zot:1    | 44642 ||| INVOKING Heroism.
 44647 | Zot:1    | Noticed an orb of fire
 44648 | Zot:1    | 44648 ||| DRINKING 2 potions of resistance.
 44649 | Zot:1    | 44649 ||| INVOKING Finesse.
 44654 | Zot:1    | Killed an orb of fire
 44654 | Zot:1    | HP: 28/176 [red draconian scorcher/bolt of magma[a green
                  | draconian monk] (18)]
 44654 | Zot:1    | HP: 10/176 [death cob (18)]
 44655 | Zot:1    | 44655 ||| READING 16 scrolls of teleportation.
 44655 | Zot:1    | Killed from afar by an electric golem

Levels and vault maps discovered:
D:1:      erik_arrival_triangle_medium, layout_loops_corners, wad_woods_river_04
D:2:      layout_basic, basic_altar
D:3:      layout_loops_corners, nicolae_dithmenos_the_darkroom,
          chequers_temple_overflow_minitemple, grunt_decor_resistance
D:4:      layout_basic, chequers_temple_overflow_statue_of_worship,
          kennysheep_slug_shrine, ebering_ghost_gozag, uniq_blork_the_orc,
          uniq_sigmund
D:5:      layout_basic, minmay_temple_entry_large_hall,
          nicolae_shop_firing_range, uniq_crazy_yiuf_cottage, uniq_ijyb
D:6:      layout_loops_ring, minitemple, lemuel_crystal_altar, serial_shops,
          nicolae_shop_trees, nicolae_diamond_shop, shop, gammafunk_ghost_grave,
          minmay_holes, minmay_pentangle
D:7:      layout_basic, nicolae_shop_i_like_small_books_too,
          minmay_joined_circles
D:8:      layout_basic, uniq_grum, uniq_erica, uniq_prince_ribbit1
D:9:      layout_stronghold, dpeg_lair_monsters, enter_bailey_2
D:10:     layout_cave_pools, kennysheep_little_box, ebering_ghost_xom,
          kennysheep_cluttered_room, billiards_dpeg
D:11:     layout_big_octagon, hiddenorc2_lemuel, serial_column_ruins,
          column_ruins_grid_4, column_ruins_grid_1, column_ruins_grid_1,
          column_ruins_open_small, solitary_fountain, jiyva_altar_1
D:12:     layout_loops_cross
D:13:     layout_basic, tso_oasis_becter
D:14:     layout_rooms, hangedman_vaults_entry_quadrant_bands,
          minmay_misc_feat_tower, nicolae_vehumet_altar_sigil
D:15:     grunt_enter_depths_snipers, layout_stronghold,
          nicolae_qazlal_general_emergency
Temple:   nicolae_temple_ecumenical_triangle
Lair:1:   gammafunk_cloud_chamber, layout_gridlike
Lair:2:   layout_small_grid, minmay_snake_entry_guardpost_small,
          gauntlet_entry_generic, kennysheep_abandoned_house
Lair:3:   layout_concentric_octagons, minmay_shoals_entry_beasts, basic_altar
Lair:4:   layout_layer_cave, uniq_nessos
Lair:5:   minmay_lair_end_enchanted_forest, layout_gridlike, slime_entry_1,
          gammafunk_ghost_hydra_chop, st_stairs_3
Shoals:1: layout_shoals, uniq_mlioglotl, uniq_donald, uniq_frances
Shoals:2: layout_shoals, uniq_ilsuiw, uniq_aizul
Shoals:3: layout_shoals, st_sunken_temple, uniq_kirke, uniq_polyphemus,
          uniq_nikola, uniq_jorgrun
Shoals:4: shoals_end_simple, layout_shoals, shoals_ilsuiw_alternative,
          serial_shops, shop
Snake:1:  layout_basic
Snake:2:  layout_rooms, uniq_vashnia
Snake:3:  gammafunk_its_a_trap, layout_misc_corridors, serial_shops, shop,
          st_stairs_9
Snake:4:  grunt_snake_rune_serpentine_throne, layout_cave_town,
          gammafunk_ghost_abyssal_escape, lemuel_fruit_tree
Orc:1:    layout_caves, uniq_harold
Orc:2:    st_orc_elflike, layout_diamond_mine, serial_shops,
          nicolae_square_shop, basic_altar
Vaults:1: nicolae_vaults_display_case, nicolae_vaults_tetromino_Z_2,
          nicolae_vaults_heart-shaped_vault, nicolae_vaults_steering_wheel,
          nicolae_vaults_surprise_closet, grunt_vaults_swirl,
          vaults_dpeg_diagonal, v_misc_16, v_pattern_4, ontoclasm_vaults_chip,
          ontoclasm_vaults_pinch, nicolae_vaults_tetromino_Z_1,
          nicolae_vaults_offset_grid_hallway_1, nicolae_vaults_double_plus_1,
          layout_vaults_chaotic_city, serial_shops, shop
Vaults:2: st_check, vaults_mumra_minichess, nicolae_vaults_rhombus_5,
          nicolae_vaults_more_shelving_1, nicolae_vaults_closet_pinwheel_4,
          v_misc_11, hangedman_vaults_maws, nicolae_vaults_double_plus_3,
          nicolae_vaults_network_quinsquares
          [nicolae_vaults_network_quincunx_subvault,
          nicolae_vaults_network_quincunx_subvault,
          nicolae_vaults_network_quincunx_subvault,
          nicolae_vaults_network_quincunx_subvault], layout_vaults_big_cross
Vaults:3: grunt_vaults_twisty, minmay_crypt_entry_simple_round,
          nicolae_vaults_tetromino_L_2, ontoclasm_vaults_loading_screen,
          nicolae_vaults_double_plus_1, v_alt_pattern_5, ontoclasm_vaults_eye,
          nicolae_vaults_trapezoid_1, nicolae_vaults_tetromino_Z_1,
          ontoclasm_vaults_chip, layout_vaults_omnigrid
Vaults:4: nicolae_vaults_two_Ls, nicolae_vaults_trapezoid_lopsided_1,
          grunt_vaults_funnel, hangedman_vaults_trim, nicolae_vaults_octothorpe,
          nicolae_vaults_apartment_1, nicolae_vaults_trapezoid_3,
          nicolae_vaults_asterisk, dpeg_vaults_hating_casters,
          ontoclasm_vaults_hangar, nicolae_vaults_shrinking_rooms_2,
          nicolae_vaults_tetromino_T_1, nicolae_vaults_trapezoid_lopsided_1,
          grunt_vaults_hallway_short, v_pattern_3,
          nicolae_vaults_closet_pinwheel_4, nicolae_vaults_closet_pinwheel_4,
          layout_vaults_maze_snakey, serial_shops, nicolae_shop_tiny_waterfront,
          shop, shop, nicolae_shop_overgrown_old_shop,
          nicolae_shop_gibbet_a_chance, uniq_jory
Vaults:5: uniq_bai_suzhen
Depths:1: minmay_the_grid_3x3 [minmay_the_grid_aliased_spiral,
          minmay_the_grid_x, minmay_the_grid_spin_star,
          minmay_the_grid_pillar_ring, minmay_the_grid_tree,
          minmay_the_grid_zigzag_pyramid, minmay_the_grid_doors,
          minmay_the_grid_medium_cups, minmay_the_grid_prize_shrinking_boxes],
          layout_honeycomb, serial_shops, bzr_entry_road, shop, shop, shop,
          abyss_entry, nicolae_twisty_statue_hallways,
          pf_vacation_house_of_asmodeus, infiniplex_enter_wizlab_glasses,
          drop_trap, grunt_ministairs_8, kilobyte_mutagenic_chamber,
          firewood_loft
Depths:2: minmay_bubble_buster, layout_gridlike, hellmouth_1, pan_entry,
          nicolae_burly_brawl, minmay_staircase_bubble, serial_bayou_shore_b,
          minmay_shop_star, serial_bayou_shore_b, uniq_josephina, uniq_vv,
          uniq_saint_roka, uniq_mara
Depths:3: minmay_triangles_in_corner, layout_cave_pools, abyss_entry_crystal,
          hell_entry, nicolae_concentric_dashed_squares_wild,
          rand_demon_pan_entry_3
Depths:4: evilmike_zot_entry_basic, layout_honeycomb, enter_ziggurat_c,
          chequers_serial_rivers_micro_a, grunt_pan_entry_in_and_out,
          serial_shops, nicolae_shop_peninsula, marbit_kobold_abyss_entry,
          hell_entry, minmay_swirly_circle
Zot:1:    layout_misc_corridors, grunt_megastairs_4

Skill      XL: |  1  2  3  4  5  6  7  8  9 10 11 12 13 14 15 16 17 18 19 20 21 22 23 24 |
---------------+-------------------------------------------------------------------------+-----
Ranged Weapons | 3 5 6 7 9 11 12 14 15 16 18 19 20 22 | 22.0
Fighting       | 2 3 4 6 7 8 9 10 11 12 13 15 16 18 19 20 21 22 23 24 | 24.4
Armour         | 1 2 3 5 6 7 8 9 11 12 14 17 20 21 | 21.0
Dodging        | 2 3 4 6 7 8 9 11 12 14 15 16 17 18 19 | 19.8
Invocations    | 1 3 4 8 10 | 10.0
Spellcasting   | |  1.0
Hexes          | |  2.6

Action                     |  1- 3 |  4- 6 |  7- 9 | 10-12 | 13-15 | 16-18 | 19-21 | 22-24 || total
---------------------------+-------+-------+-------+-------+-------+-------+-------+-------++-------
   Fire: Sling             |    87 |    80 |    80 |       |       |       |       |       ||   247
         Arbalest          |       |       |   152 |   442 |   119 |       |       |       ||   713
         Longbow           |       |       |       |       |   995 |  1064 |   271 |       ||  2330
         Heavy crossbow    |       |       |       |       |       |       |   442 |   604 ||  1046
 Invoke: Heroism           |       |       |     9 |    26 |    38 |    34 |    27 |    52 ||   186
         Finesse           |       |       |       |       |     4 |     7 |    15 |     4 ||    30
    Use: Scroll            |     4 |       |    11 |     7 |     7 |     6 |     2 |     4 ||    41
         Potion            |       |     4 |     4 |     2 |     1 |       |     2 |     6 ||    19
 Armour: Robe              |    11 |       |       |       |       |       |       |       ||    11
         Ring mail         |     8 |    22 |    49 |   142 |    92 |       |    33 |    59 ||   405
         Troll leather arm |       |       |       |       |    26 |    61 |    75 |       ||   162
         Quicksilver drago |       |       |       |       |       |       |       |   251 ||   251
  Dodge: Dodged            |    24 |    11 |    94 |   394 |   386 |   293 |   681 |  1477 ||  3360
  Block: Other             |       |       |       |    23 |    60 |       |       |    10 ||    93
         Reflection        |       |       |       |       |     8 |       |       |       ||     8

Table legend:
 A = Non-vault XP
 B = Vault XP
 C = Vault XP percentage of total XP
 D = Non-vault monster count
 E = Vault monster count
 F = Vault count percentage of total count
                 A         B        C        D         E       F
            +---------+---------+-------+---------+---------+-------
      Total |  494891 |  468277 |  48.6 |    1150 |     667 |  36.7
            +---------+---------+-------+---------+---------+-------
        D:1 |      45 |       0 |   0.0 |      27 |       0 |   0.0
        D:2 |      66 |       0 |   0.0 |      16 |       0 |   0.0
        D:3 |     163 |       0 |   0.0 |      13 |       0 |   0.0
        D:4 |     395 |     329 |  45.4 |      26 |       3 |  10.3
        D:5 |     701 |      33 |   4.5 |      19 |       1 |   5.0
        D:6 |     719 |     112 |  13.5 |      20 |       2 |   9.1
        D:7 |     534 |     849 |  61.4 |      16 |      13 |  44.8
        D:8 |     815 |    1638 |  66.8 |      14 |       6 |  30.0
        D:9 |    2010 |    2498 |  55.4 |      22 |      11 |  33.3
       D:10 |    1868 |     223 |  10.7 |      24 |       3 |  11.1
       D:11 |    1554 |     560 |  26.5 |      13 |      36 |  73.5
       D:12 |    2551 |       0 |   0.0 |      10 |       0 |   0.0
       D:13 |    7351 |       0 |   0.0 |      15 |       0 |   0.0
       D:14 |    5439 |    5978 |  52.4 |      13 |      17 |  56.7
       D:15 |    8021 |    2871 |  26.4 |      19 |       3 |  13.6
     Lair:1 |    2184 |       0 |   0.0 |       9 |       0 |   0.0
     Lair:2 |    6061 |    1315 |  17.8 |      29 |      20 |  40.8
     Lair:3 |   11113 |     682 |   5.8 |      50 |       2 |   3.8
     Lair:4 |    4969 |    1042 |  17.3 |      22 |       1 |   4.3
     Lair:5 |   17951 |    8464 |  32.0 |      42 |      47 |  52.8
   Shoals:1 |    5752 |    4771 |  45.3 |      11 |       3 |  21.4
   Shoals:2 |   12740 |    5084 |  28.5 |      26 |       6 |  18.8
   Shoals:3 |   13695 |   17404 |  56.0 |      28 |      21 |  42.9
   Shoals:4 |   12243 |   27532 |  69.2 |      29 |      44 |  60.3
    Snake:1 |   21655 |       0 |   0.0 |      43 |       0 |   0.0
    Snake:2 |   17764 |    6855 |  27.8 |      38 |       6 |  13.6
    Snake:3 |   20025 |    1914 |   8.7 |      45 |       4 |   8.2
    Snake:4 |   35023 |   21213 |  37.7 |      63 |      30 |  32.3
      Orc:1 |    3530 |     894 |  20.2 |      27 |       1 |   3.6
      Orc:2 |    5632 |    8260 |  59.5 |      68 |      25 |  26.9
   Vaults:1 |   29651 |   16897 |  36.3 |      42 |      26 |  38.2
   Vaults:2 |   37646 |   29469 |  43.9 |      51 |      38 |  42.7
   Vaults:3 |   33089 |   22105 |  40.0 |      44 |      32 |  42.1
   Vaults:4 |   38182 |   46658 |  55.0 |      58 |      52 |  47.3
   Vaults:5 |   21189 |   79322 |  78.9 |      36 |      66 |  64.7
   Depths:1 |   19861 |   42970 |  68.4 |      23 |      39 |  62.9
   Depths:2 |   21561 |   35115 |  62.0 |      24 |      41 |  63.1
   Depths:3 |   25103 |   22771 |  47.6 |      29 |      21 |  42.0
   Depths:4 |   33678 |   42709 |  55.9 |      40 |      33 |  45.2
      Zot:1 |   12362 |    4393 |  26.2 |       6 |       4 |  40.0
   Gauntlet |       0 |    5347 | 100.0 |       0 |      10 | 100.0
            +---------+---------+-------+---------+---------+-------
